 Dungeon Crawl Stone Soup version 0.31-a0-152-g6aa68a64a1 (webtiles) character file.

Game seed: 616633289924579702

32593 qw the Marksminotaur (level 13, -5/118 HPs)
             Began as a Minotaur Hunter on June 9, 2023.
             Was a High Priest of Okawaru.
             Slain by a reaper
             ... wielding a +3 scythe of distortion
              (49 damage)
             ... in a Gauntlet.
             The game lasted 00:12:23 (16250 turns).

qw the Marksminotaur (Minotaur Hunter)             Turns: 16250, Time: 00:12:24

Health: -5/118     AC:  9    Str: 16    XL:     13   Next: 32%
Magic:  17/19      EV: 42    Int:  5    God:    Okawaru [*****.]
Gold:   661        SH:  4    Dex: 31    Spells: 12/12 levels left

rFire   . . .        h - +1 orcbow (flame)
rCold   . . .        (shield currently unavailable)
rNeg    . . .        k - +1 leather armour {rPois}
rPois   +            (helmet restricted)
rElec   .            d - +0 cloak
rCorr   .            w - +0 pair of fencer's gloves {Riposte Dex+3}
SInv    .            a - +0 pair of boots
Will    .....        o - amulet of faith
Stlth   ++++         f - ring of the Hare {EV+10}
HPRegen 0.39/turn    s - +6 ring of dexterity
MPRegen 0.16/turn

%: no teleportation, faith
@: heroic
A: horns 2, retaliatory headbutt, large bone plates 1, agile 1, sturdy frame 1
a: Renounce Religion, Heroism, Finesse, Duel


You were in a Gauntlet.
You worshipped Okawaru.
Okawaru was extremely pleased with you.
You visited 3 branches of the dungeon, and saw 16 of its levels.
You also visited: Gauntlet.

You collected 936 gold pieces.
You spent 275 gold pieces at shops.


Innate Abilities, Weirdness & Mutations

You have a pair of horns on your head.
You reflexively headbutt those who attack you in melee.
You are partially covered in large bone plates. (SH +4)
You are agile. (Dex +4, Str/Int -1)
Your movements are slightly less encumbered by armour. (ER -2)


   Skills:
 + Level 12.1(17.1) Fighting
 - Level 16.0(21.0) Ranged Weapons
 - Level 5.1(10.1) Armour
 - Level 12.0(17.0) Dodging
 - Level 0.7(5.7) Stealth
 - Level 10.0 Invocations


You had 12 spell levels left.
You didn't know any spells.
Your spell library was empty.

Inventory:

Hand Weapons
 h - a +1 orcbow of flaming (weapon)
Armour
 a - a +0 pair of boots (worn)
 c - a +2 leather armour of fire resistance
 d - a +0 cloak (worn)
 g - +0 acid dragon scales
 k - a +1 leather armour of poison resistance (worn)
 l - the +2 robe of Hixzuohemp {rN++ Will+ Str+2 Int-3}
   (You found it on level 1 of the Lair of Beasts)

   Str:       It affects your strength (+2).
   Int:       It affects your intelligence (-3).
   rN:        It greatly protects you from negative energy.
   Will:      It increases your willpower.
 t - a +2 robe of cold resistance
 w - the +0 pair of fencer's gloves (worn) {Riposte Dex+3}
   (You found it in a Gauntlet)

   Riposte:   It allows the wearer to riposte with melee weapons, swiftly
   retaliating against missed or blocked melee attacks.
   Dex:       It affects your dexterity (+3).
Jewellery
 f - the ring of the Hare (left hand) {EV+10}
   (You found it in a Gauntlet)

   [ring of evasion]

   EV:        It affects your evasion (+10).
 j - an amulet of reflection
 o - an amulet of faith (around neck)
 s - a +6 ring of dexterity (right hand)
Wands
 u - a wand of digging (7)
Scrolls
 b - 6 scrolls of identify
 e - 11 scrolls of teleportation
Potions
 i - a potion of magic
 m - 9 potions of curing
 n - a potion of resistance
 p - 3 potions of heal wounds
 q - 2 potions of might
 r - 3 potions of mutation
 v - a potion of cancellation

Dungeon Overview and Level Annotations

Branches:
Dungeon (11/15)            Temple (1/1) D:6            Lair (4/5) D:11
 Shoals (0/4) Lair:2       Spider (0/4) Lair:3      Gauntlet (1/1)
  Slime: Lair:4-5       Orc: D:9-12

Altars:
Ashenzari
Cheibriados
Dithmenos
Elyvilon
Fedhas
Gozag
Hepliaklqana
Kikubaaqudgha
Makhleb
Nemelex Xobeh
Okawaru
Qazlal
Ru
Sif Muna
Trog
Uskayaw
Vehumet
Wu Jian
Xom
Yredelemnul
Zin
The Shining One

Shops:
D:1 :?   D:5 [   D:6 [   D:7 *

Annotations:
Lair:3 2 transporters Gauntlet 9 transporters, 1 runed translucent door


Message History

(? for menu, Esc to cancel) < or
Y - a +6 ring of dexterity; > or
s - a +5 ring of evasion You remove your +6 ring of dexterity.
You feel clumsy.
f - the ring of the Hare (left hand) {EV+10} Partly explored, unvisited transporter.
16232 ||| UPGRADING to +6 ring of dexterity.
You're wearing all the rings you can.
Remove which one? (? for menu, Esc to cancel) < or
f - the ring of the Hare {EV+10}; > or
Y - a +5 ring of evasion You remove your +5 ring of evasion.
You feel agile.
s - a +6 ring of dexterity (right hand) Partly explored, unvisited transporter.
16234 ||| DROPPING +5 ring of evasion.
You drop a +5 ring of evasion.
Partly explored, unvisited transporter.
There is a transporter here.
Partly explored, unvisited transporter.
You enter the transporter and appear at another place.
Partly explored, unvisited transporter.
The reaper shouts, "You must die NOW!"
The reaper smiles without lips.
There is a transporter here.
Partly explored, unvisited transporter.
You enter the transporter and appear at another place.
Could not explore, unopened runed door.
You open the gate. You shoot an arrow. The arrow hits the reaper!
The arrow burns the reaper.
The reaper is moderately wounded.
You shoot an arrow. The arrow closely misses the reaper.
The reaper hits you with a +3 scythe of distortion!!
Space warps horribly around you!!
16249 ||| INVOKING Heroism.
You gain the combat prowess of a mighty hero.
The reaper hits you with a +3 scythe of distortion!!
You shoot an arrow.
The arrow hits the reaper but does no damage.
The reaper is moderately wounded.
The reaper hits you with a +3 scythe of distortion!!!
You die...

#.#.......#.#..#.#..#...## .7.#
#.#.#+###.#.#.......#...~##...#
#.#.#..~#.#.#########.P.~~# # #
#^#.#.^~#^#^#.........7.~##
###.#..ยค#=#.#########.P.##
..#.#'###)#.#.......#...~##
..#.......#.#...5...#.P.~~#
..#########.#####2###.7.~##
#.........#^#^..@'.^#...##
#~..7P7.7.###.##^'###...~##
#~~....PP...#.##.#.|#...~~#
####...PP.7.#....#)=#.7.~##
#~..P.PP.#########...##
#~~..................~#
####~~~#~~~#~~~#~~~#~~~#
##~###~###~###~###~## ### ###
### ### ##


You could see a reaper and a shadow imp.

Vanquished Creatures
  2 hydras
  Fannar (Lair:1)
  Erica (D:9)
  A boulder beetle (D:11)
  A two-headed ogre (D:11)
  Sonja (Lair:2)
  2 manticores (D:11)
  An ugly thing (D:11)
  Maurice (D:11)
  5 black mambas
  A worldbinder (Gauntlet)
  4 elephants (Lair:2)
  A kobold demonologist (D:10)
  2 rime drakes (Lair:3)
  An unseen horror (D:11)
  7 komodo dragons
  8 cane toads
  A queen bee (D:9)
  An ice devil (Gauntlet)
  A troll (D:11)
  A polar bear (Lair:3)
  4 merfolk (Lair:2)
  Grinder (D:3)
  Prince Ribbit (D:9)
  2 hornets
  9 dream sheep
  A vampire (D:11)
  2 shadows (D:10)
  2 wraiths
  3 wyverns
  A basilisk (Lair:2)
  32 yaks
  Grum (Lair:1)
  A steam dragon (Lair:4)
  5 vampire mosquitoes
  An acid dragon (D:11)
  12 water moccasins
  A swamp drake (Lair:3)
  An ice beast (D:6)
  3 orc warriors
  6 black bears
  8 wolves
  2 ogres
  A boggart (Gauntlet)
  4 centaurs
  A phantom (D:6)
  2 kobold brigands
  11 bullfrogs
  A gnoll sergeant (D:11)
  4 scorpions
  3 wights (D:8)
  33 killer bees
  3 howler monkeys (D:8)
  4 hounds
  2 orc priests
  5 gnoll boudas
  2 jellies
  2 iguanas (D:5)
  3 sleepcaps
  Terence (D:3)
  16 orc wizards
  3 gnolls (D:5)
  3 adders
  2 shadow imps
  3 white imps (Gauntlet)
  2 ufetubi
  A worm (D:2)
  2 dart slugs
  31 orcs
  2 endoplasms (D:3)
  A giant cockroach (D:1)
  17 goblins
  3 hobgoblins
  A jackal (D:1)
  18 kobolds
  3 quokkas
  3 ball pythons
  3 bats
  2 frilled lizards
  5 rats
346 creatures vanquished.

Vanquished Creatures (others)
  An unseen horror (D:11)
1 creature vanquished.

Grand Total: 347 creatures vanquished

Notes
Turn   | Place    | Note
-------+----------+-------------------------------------------
     0 | D:1      | qw the Minotaur Hunter began the quest for the Orb.
     0 | D:1      | Reached XP level 1. HP: 18/18 MP: 0/0
     0 | D:1      | 0 ||| qw: Version: 0.2-a-120-g592f744
     0 | D:1      | 0 ||| qw: Game counter: 3171
     0 | D:1      | 0 ||| qw: Always use a shield: true
     0 | D:1      | 0 ||| qw: God list: Okawaru
     0 | D:1      | 0 ||| qw: Allow faded altars: false
     0 | D:1      | 0 ||| qw: Do Orc after D:15 true
     0 | D:1      | 0 ||| qw: Do second Lair branch before Depths: true
     0 | D:1      | 0 ||| qw: Lair rune preference: random
     0 | D:1      | 0 ||| qw: Plans: Normal
     0 | D:1      | 0 ||| PLANNING D:1-11
   223 | D:1      | Found The Oracle's Delphic Readings.
   249 | D:1      | 249 ||| SHOPLISTING 3 scrolls of identify (60 gold, have
                  | 11).
   249 | D:1      | 249 ||| SHOPLISTING scroll of enchant weapon (75 gold, have
                  | 11).
   249 | D:1      | 249 ||| SHOPLISTING scroll of identify (20 gold, have 11).
   479 | D:1      | Found Dopico's Book Shoppe.
   592 | D:1      | 592 ||| UPGRADING to +0 cloak.
   597 | D:1      | 597 ||| UPGRADING to +0 pair of gloves.
   602 | D:1      | 602 ||| UPGRADING to +0 ring mail.
   612 | D:1      | 612 ||| DROPPING +0 leather armour.
   613 | D:1      | 613 ||| READING scroll labelled QICABO MEIK.
   614 | D:1      | 614 ||| READING scroll labelled ILIADEINYU.
   615 | D:1      | 615 ||| DROPPING scroll of butterflies.
   749 | D:2      | Reached skill level 1 in Armour
   749 | D:2      | Reached XP level 2. HP: 25/25 MP: 1/1
   975 | D:2      | Reached skill level 5 in Ranged Weapons
  1360 | D:2      | 1360 ||| READING 2 scrolls labelled WILATE QYGIR.
  1434 | D:3      | Found a shadowy altar of Dithmenos.
  1440 | D:3      | Reached skill level 3 in Fighting
  1440 | D:3      | Reached XP level 3. HP: 31/31 MP: 2/2
  1634 | D:3      | Noticed Terence
  1635 | D:3      | 1635 ||| Stepping ~*~*~tactically~*~*~ (water).
  1649 | D:3      | Killed Terence
  1731 | D:3      | Reached XP level 4. HP: 36/38 MP: 3/3
  1748 | D:3      | Found a faded altar of an unknown god.
  1815 | D:3      | 1815 ||| UPGRADING to amulet of guardian spirit.
  1882 | D:3      | Noticed Grinder
  1896 | D:3      | HP: 9/38 [Grinder/nerve-wracking pain (12)]
  1904 | D:3      | Paralysed by Grinder for 2 turns
  1907 | D:3      | HP: 8/38 [Grinder (4)]
  1908 | D:3      | Killed Grinder
  1909 | D:3      | Reached skill level 7 in Ranged Weapons
  1909 | D:3      | Reached XP level 5. HP: 5/45 MP: 1/4
  1909 | D:3      | Reached XP level 6. HP: 6/51 MP: 1/5
  2396 | D:3      | 2396 ||| UPGRADING to amulet of reflection.
  2406 | D:3      | 2406 ||| DROPPING amulet of guardian spirit.
  2407 | D:3      | 2407 ||| READING 2 scrolls of identify.
  2407 | D:3      | 2407 ||| IDENTIFYING ruby potion
  2434 | D:4      | 2434 ||| PLANNING OSSUARY
  2700 | D:4      | Noticed a hornet
  2711 | D:4      | Killed a hornet
  2712 | D:4      | Reached XP level 7. HP: 40/59 MP: 6/6
  2860 | D:4      | Found a sand-covered staircase.
  2861 | D:4      | 2861 ||| READING scroll labelled OGEIMA PUXKYUGAUTS.
  2862 | D:4      | 2862 ||| READING scroll labelled BUTHIRPHAWISK.
  2866 | D:4      | 2866 ||| Stepping randomly (stuck).
  2867 | D:4      | 2867 ||| Stepping randomly (stuck).
  2868 | D:4      | 2868 ||| Stepping randomly (stuck).
  2869 | D:4      | 2869 ||| Stepping randomly (stuck).
  2870 | D:4      | 2870 ||| Stepping randomly (stuck).
  2871 | D:4      | 2871 ||| Stepping randomly (stuck).
  2872 | D:4      | 2872 ||| Stepping randomly (stuck).
  2873 | D:4      | 2873 ||| Stepping randomly (stuck).
  2874 | D:4      | 2874 ||| Stepping randomly (stuck).
  2875 | D:4      | 2875 ||| Stepping randomly (stuck).
  2876 | D:4      | 2876 ||| Stepping randomly (stuck).
  2877 | D:4      | 2877 ||| Stepping randomly (stuck).
  2878 | D:4      | 2878 ||| Stepping randomly (stuck).
  2879 | D:4      | 2879 ||| Stepping randomly (stuck).
  2880 | D:4      | 2880 ||| Stepping randomly (stuck).
  2881 | D:4      | 2881 ||| Stepping randomly (stuck).
  2882 | D:4      | 2882 ||| Stepping randomly (stuck).
  2883 | D:4      | 2883 ||| Stepping randomly (stuck).
  2884 | D:4      | 2884 ||| Stepping randomly (stuck).
  2885 | D:4      | 2885 ||| Stepping randomly (stuck).
  2886 | D:4      | 2886 ||| Stepping randomly (stuck).
  2887 | D:4      | 2887 ||| Stepping randomly (stuck).
  2888 | D:4      | 2888 ||| Stepping randomly (stuck).
  2889 | D:4      | 2889 ||| Stepping randomly (stuck).
  2890 | D:4      | 2890 ||| Stepping randomly (stuck).
  2891 | D:4      | 2891 ||| Stepping randomly (stuck).
  2892 | D:4      | 2892 ||| Stepping randomly (stuck).
  2893 | D:4      | 2893 ||| Stepping randomly (stuck).
  2894 | D:4      | 2894 ||| Stepping randomly (stuck).
  2895 | D:4      | 2895 ||| Stepping randomly (stuck).
  2896 | D:4      | 2896 ||| Stepping randomly (stuck).
  2897 | D:4      | 2897 ||| Stepping randomly (stuck).
  2898 | D:4      | 2898 ||| Stepping randomly (stuck).
  2899 | D:4      | 2899 ||| Stepping randomly (stuck).
  2900 | D:4      | 2900 ||| Stepping randomly (stuck).
  2901 | D:4      | 2901 ||| Stepping randomly (stuck).
  2902 | D:4      | 2902 ||| Stepping randomly (stuck).
  2903 | D:4      | 2903 ||| Stepping randomly (stuck).
  2904 | D:4      | 2904 ||| Stepping randomly (stuck).
  2905 | D:4      | 2905 ||| Stepping randomly (stuck).
  2906 | D:4      | 2906 ||| Stepping randomly (stuck).
  2907 | D:4      | 2907 ||| Stepping randomly (stuck).
  2908 | D:4      | 2908 ||| Stepping randomly (stuck).
  2909 | D:4      | 2909 ||| Stepping randomly (stuck).
  2910 | D:4      | 2910 ||| Stepping randomly (stuck).
  2911 | D:4      | 2911 ||| Stepping randomly (stuck).
  2912 | D:4      | 2912 ||| Stepping randomly (stuck).
  2913 | D:4      | 2913 ||| Stepping randomly (stuck).
  2914 | D:4      | 2914 ||| Stepping randomly (stuck).
  2915 | D:4      | 2915 ||| Stepping randomly (stuck).
  2916 | D:4      | 2916 ||| Stepping randomly (stuck).
  2917 | D:4      | 2917 ||| Stepping randomly (stuck).
  2918 | D:4      | 2918 ||| Stepping randomly (stuck).
  2919 | D:4      | 2919 ||| Stepping randomly (stuck).
  2920 | D:4      | 2920 ||| Stepping randomly (stuck).
  2921 | D:4      | 2921 ||| Stepping randomly (stuck).
  2922 | D:4      | 2922 ||| Stepping randomly (stuck).
  2923 | D:4      | 2923 ||| Stepping randomly (stuck).
  2924 | D:4      | 2924 ||| Stepping randomly (stuck).
  2925 | D:4      | 2925 ||| Stepping randomly (stuck).
  2926 | D:4      | 2926 ||| Stepping randomly (stuck).
  2927 | D:4      | 2927 ||| Stepping randomly (stuck).
  2928 | D:4      | 2928 ||| Stepping randomly (stuck).
  2929 | D:4      | 2929 ||| Stepping randomly (stuck).
  2930 | D:4      | 2930 ||| Stepping randomly (stuck).
  2931 | D:4      | 2931 ||| Stepping randomly (stuck).
  2932 | D:4      | 2932 ||| Stepping randomly (stuck).
  2933 | D:4      | 2933 ||| Stepping randomly (stuck).
  2934 | D:4      | 2934 ||| Stepping randomly (stuck).
  2935 | D:4      | 2935 ||| Stepping randomly (stuck).
  2936 | D:4      | 2936 ||| Stepping randomly (stuck).
  2937 | D:4      | 2937 ||| Stepping randomly (stuck).
  2938 | D:4      | 2938 ||| Stepping randomly (stuck).
  2939 | D:4      | 2939 ||| Stepping randomly (stuck).
  2940 | D:4      | 2940 ||| Stepping randomly (stuck).
  2941 | D:4      | 2941 ||| Stepping randomly (stuck).
  2942 | D:4      | 2942 ||| Stepping randomly (stuck).
  2943 | D:4      | 2943 ||| Stepping randomly (stuck).
  2944 | D:4      | 2944 ||| Stepping randomly (stuck).
  2945 | D:4      | 2945 ||| Stepping randomly (stuck).
  2946 | D:4      | 2946 ||| Stepping randomly (stuck).
  2947 | D:4      | 2947 ||| Stepping randomly (stuck).
  2948 | D:4      | 2948 ||| Stepping randomly (stuck).
  2949 | D:4      | 2949 ||| Stepping randomly (stuck).
  2950 | D:4      | 2950 ||| Stepping randomly (stuck).
  2951 | D:4      | 2951 ||| Stepping randomly (stuck).
  2952 | D:4      | 2952 ||| Stepping randomly (stuck).
  2953 | D:4      | 2953 ||| Stepping randomly (stuck).
  2954 | D:4      | 2954 ||| Stepping randomly (stuck).
  2955 | D:4      | 2955 ||| Stepping randomly (stuck).
  2956 | D:4      | 2956 ||| Stepping randomly (stuck).
  2957 | D:4      | 2957 ||| Stepping randomly (stuck).
  2958 | D:4      | 2958 ||| Stepping randomly (stuck).
  2959 | D:4      | 2959 ||| Stepping randomly (stuck).
  2960 | D:4      | 2960 ||| Stepping randomly (stuck).
  2961 | D:4      | 2961 ||| Stepping randomly (stuck).
  2962 | D:4      | 2962 ||| Stepping randomly (stuck).
  2963 | D:4      | 2963 ||| Stepping randomly (stuck).
  2964 | D:4      | 2964 ||| Stepping randomly (stuck).
  2965 | D:4      | 2965 ||| Stepping randomly (stuck).
  2966 | D:4      | 2966 ||| Stepping randomly (stuck).
  2967 | D:4      | 2967 ||| Stepping randomly (stuck).
  2968 | D:4      | 2968 ||| Stepping randomly (stuck).
  2969 | D:4      | 2969 ||| Stepping randomly (stuck).
  2970 | D:4      | 2970 ||| Stepping randomly (stuck).
  2971 | D:4      | 2971 ||| Stepping randomly (stuck).
  2972 | D:4      | 2972 ||| Stepping randomly (stuck).
  2973 | D:4      | 2973 ||| Stepping randomly (stuck).
  2974 | D:4      | 2974 ||| Stepping randomly (stuck).
  2975 | D:4      | 2975 ||| Stepping randomly (stuck).
  2976 | D:4      | 2976 ||| Stepping randomly (stuck).
  2977 | D:4      | 2977 ||| Stepping randomly (stuck).
  2978 | D:4      | 2978 ||| Stepping randomly (stuck).
  2979 | D:4      | 2979 ||| Stepping randomly (stuck).
  2980 | D:4      | 2980 ||| Stepping randomly (stuck).
  2981 | D:4      | 2981 ||| Stepping randomly (stuck).
  2982 | D:4      | 2982 ||| Stepping randomly (stuck).
  2983 | D:4      | 2983 ||| Stepping randomly (stuck).
  2984 | D:4      | 2984 ||| Stepping randomly (stuck).
  2985 | D:4      | 2985 ||| Stepping randomly (stuck).
  2986 | D:4      | 2986 ||| Stepping randomly (stuck).
  2987 | D:4      | 2987 ||| Stepping randomly (stuck).
  2988 | D:4      | 2988 ||| Stepping randomly (stuck).
  2989 | D:4      | 2989 ||| Stepping randomly (stuck).
  2990 | D:4      | 2990 ||| Stepping randomly (stuck).
  2991 | D:4      | 2991 ||| Stepping randomly (stuck).
  2992 | D:4      | 2992 ||| Stepping randomly (stuck).
  2993 | D:4      | 2993 ||| Stepping randomly (stuck).
  2994 | D:4      | 2994 ||| Stepping randomly (stuck).
  2995 | D:4      | 2995 ||| Stepping randomly (stuck).
  2996 | D:4      | 2996 ||| Stepping randomly (stuck).
  2997 | D:4      | 2997 ||| Stepping randomly (stuck).
  2998 | D:4      | 2998 ||| Stepping randomly (stuck).
  2999 | D:4      | 2999 ||| Stepping randomly (stuck).
  3000 | D:4      | 3000 ||| Stepping randomly (stuck).
  3001 | D:4      | 3001 ||| Stepping randomly (stuck).
  3002 | D:4      | 3002 ||| Stepping randomly (stuck).
  3003 | D:4      | 3003 ||| Stepping randomly (stuck).
  3004 | D:4      | 3004 ||| Stepping randomly (stuck).
  3005 | D:4      | 3005 ||| Stepping randomly (stuck).
  3006 | D:4      | 3006 ||| Stepping randomly (stuck).
  3007 | D:4      | 3007 ||| Stepping randomly (stuck).
  3008 | D:4      | 3008 ||| Stepping randomly (stuck).
  3009 | D:4      | 3009 ||| Stepping randomly (stuck).
  3010 | D:4      | 3010 ||| Stepping randomly (stuck).
  3011 | D:4      | 3011 ||| Stepping randomly (stuck).
  3012 | D:4      | 3012 ||| Stepping randomly (stuck).
  3013 | D:4      | 3013 ||| Stepping randomly (stuck).
  3014 | D:4      | 3014 ||| Stepping randomly (stuck).
  3015 | D:4      | 3015 ||| Stepping randomly (stuck).
  3016 | D:4      | 3016 ||| Stepping randomly (stuck).
  3017 | D:4      | 3017 ||| Stepping randomly (stuck).
  3018 | D:4      | 3018 ||| Stepping randomly (stuck).
  3019 | D:4      | 3019 ||| Stepping randomly (stuck).
  3020 | D:4      | 3020 ||| Stepping randomly (stuck).
  3021 | D:4      | 3021 ||| Stepping randomly (stuck).
  3022 | D:4      | 3022 ||| Stepping randomly (stuck).
  3023 | D:4      | 3023 ||| Stepping randomly (stuck).
  3024 | D:4      | 3024 ||| Stepping randomly (stuck).
  3025 | D:4      | 3025 ||| Stepping randomly (stuck).
  3026 | D:4      | 3026 ||| Stepping randomly (stuck).
  3027 | D:4      | 3027 ||| Stepping randomly (stuck).
  3028 | D:4      | 3028 ||| Stepping randomly (stuck).
  3029 | D:4      | 3029 ||| Stepping randomly (stuck).
  3030 | D:4      | 3030 ||| Stepping randomly (stuck).
  3031 | D:4      | 3031 ||| Stepping randomly (stuck).
  3032 | D:4      | 3032 ||| Stepping randomly (stuck).
  3033 | D:4      | 3033 ||| Stepping randomly (stuck).
  3034 | D:4      | 3034 ||| Stepping randomly (stuck).
  3035 | D:4      | 3035 ||| Stepping randomly (stuck).
  3036 | D:4      | 3036 ||| Stepping randomly (stuck).
  3037 | D:4      | 3037 ||| Stepping randomly (stuck).
  3038 | D:4      | 3038 ||| Stepping randomly (stuck).
  3039 | D:4      | 3039 ||| Stepping randomly (stuck).
  3040 | D:4      | 3040 ||| Stepping randomly (stuck).
  3041 | D:4      | 3041 ||| Stepping randomly (stuck).
  3042 | D:4      | 3042 ||| Stepping randomly (stuck).
  3043 | D:4      | 3043 ||| Stepping randomly (stuck).
  3044 | D:4      | 3044 ||| Stepping randomly (stuck).
  3045 | D:4      | 3045 ||| Stepping randomly (stuck).
  3046 | D:4      | 3046 ||| Stepping randomly (stuck).
  3047 | D:4      | 3047 ||| Stepping randomly (stuck).
  3048 | D:4      | 3048 ||| Stepping randomly (stuck).
  3049 | D:4      | 3049 ||| Stepping randomly (stuck).
  3050 | D:4      | 3050 ||| Stepping randomly (stuck).
  3051 | D:4      | 3051 ||| Stepping randomly (stuck).
  3052 | D:4      | 3052 ||| Stepping randomly (stuck).
  3053 | D:4      | 3053 ||| Stepping randomly (stuck).
  3054 | D:4      | 3054 ||| Stepping randomly (stuck).
  3055 | D:4      | 3055 ||| Stepping randomly (stuck).
  3056 | D:4      | 3056 ||| Stepping randomly (stuck).
  3057 | D:4      | 3057 ||| Stepping randomly (stuck).
  3058 | D:4      | 3058 ||| Stepping randomly (stuck).
  3059 | D:4      | 3059 ||| Stepping randomly (stuck).
  3060 | D:4      | 3060 ||| Stepping randomly (stuck).
  3061 | D:4      | 3061 ||| Stepping randomly (stuck).
  3062 | D:4      | 3062 ||| Stepping randomly (stuck).
  3063 | D:4      | 3063 ||| Stepping randomly (stuck).
  3064 | D:4      | 3064 ||| Stepping randomly (stuck).
  3065 | D:4      | 3065 ||| Stepping randomly (stuck).
  3066 | D:4      | 3066 ||| Stepping randomly (stuck).
  3067 | D:4      | 3067 ||| Stepping randomly (stuck).
  3068 | D:4      | 3068 ||| Stepping randomly (stuck).
  3069 | D:4      | 3069 ||| Stepping randomly (stuck).
  3070 | D:4      | 3070 ||| Stepping randomly (stuck).
  3070 | D:4      | 3070 ||| RIP OSSUARY
  3071 | D:4      | 3071 ||| PLANNING D:1-11
  3575 | D:4      | Reached skill level 8 in Ranged Weapons
  3818 | D:4      | 3818 ||| DRINKING 2 clear potions.
  3819 | D:4      | 3819 ||| DROPPING potion of attraction.
  3836 | D:5      | Entered Level 5 of the Dungeon
  3951 | D:5      | Found Juqit's Antique Armour Shop.
  3956 | D:5      | 3956 ||| BUYING glowing leather armour (105 gold).
  3956 | D:5      | Bought a glowing leather armour for 105 gold pieces
  3956 | D:5      | 3956 ||| SHOPLISTING pair of boots (94 gold, have 79).
  4145 | D:5      | HP: 11/62 [orc/+0 trident (5)]
  4146 | D:5      | 4146 ||| DRINKING potion of heal wounds.
  4539 | D:5      | Reached skill level 9 in Ranged Weapons
  4731 | D:5      | Reached XP level 8. HP: 59/70 MP: 7/7
  4887 | D:5      | Reached skill level 3 in Dodging
  4964 | D:5      | 4964 ||| UPGRADING to +0 pair of boots.
  4969 | D:5      | 4969 ||| UPGRADING to +2 leather armour of fire resistance.
  4979 | D:5      | 4979 ||| DROPPING +0 ring mail.
  4980 | D:5      | 4980 ||| UPGRADING to +6 ring of dexterity.
  5003 | D:6      | Found Itregg's Armour Shop.
  5080 | D:6      | Reached skill level 6 in Fighting
  5271 | D:6      | 5271 ||| SWAPPING to +1 orcbow of flaming.
  5272 | D:6      | 5272 ||| DROPPING +0 shortbow.
  5576 | D:6      | Reached skill level 10 in Ranged Weapons
  5603 | D:6      | Found a staircase to the Ecumenical Temple.
  5604 | D:6      | 5604 ||| PLANNING TEMPLE
  5604 | D:6      | 5604 ||| UPGRADING to amulet of faith.
  5614 | D:6      | 5614 ||| UPGRADING to ring of see invisible.
  5615 | D:6      | 5615 ||| READING scroll labelled OQILAD SEACO.
  5616 | D:6      | 5616 ||| READING scroll labelled DOSOQO HASCHO.
  5617 | D:6      | 5617 ||| READING 2 scrolls of identify.
  5617 | D:6      | 5617 ||| IDENTIFYING fizzy orange potion
  5618 | D:6      | 5618 ||| DROPPING potion of berserk rage.
  5626 | Temple   | Entered the Ecumenical Temple
  5659 | Temple   | 5659 ||| PLANNING OKAWARU WORSHIP
  5797 | Temple   | Became a worshipper of Warmaster Okawaru
  5797 | Temple   | 5797 ||| PLANNING D:1-11
  6242 | D:7      | 6242 ||| Stepping ~*~*~tactically~*~*~ (outnumbered).
  6247 | D:7      | 6247 ||| Stepping ~*~*~tactically~*~*~ (outnumbered).
  6262 | D:7      | Reached * piety under Okawaru
  6263 | D:7      | Reached XP level 9. HP: 69/79 MP: 8/8
  6596 | D:7      | Found Nynon's General Store.
  6603 | D:7      | 6603 ||| BUYING 2 scrolls of teleportation (60 gold).
  6603 | D:7      | Bought 2 scrolls of teleportation for 60 gold pieces
  6603 | D:7      | 6603 ||| BUYING potion of heal wounds (50 gold).
  6603 | D:7      | Bought a potion of heal wounds for 50 gold pieces
  6603 | D:7      | 6603 ||| BUYING potion of might (40 gold).
  6603 | D:7      | Bought a potion of might for 40 gold pieces
  6603 | D:7      | 6603 ||| BUYING scroll of identify (20 gold).
  6603 | D:7      | Bought a scroll of identify for 20 gold pieces
  6803 | D:7      | 6803 ||| READING scroll labelled QUNEWO IMNUJOE.
  6804 | D:7      | 6804 ||| DRINKING 5 murky brown potions.
  6805 | D:7      | 6805 ||| DRINKING 2 cyan potions.
  6806 | D:7      | 6806 ||| READING 3 scrolls of identify.
  6806 | D:7      | 6806 ||| IDENTIFYING pink potion
  6807 | D:7      | 6807 ||| READING 2 scrolls of identify.
  6807 | D:7      | 6807 ||| IDENTIFYING lumpy sapphire potion
  6808 | D:7      | 6808 ||| DROPPING potion of invisibility.
  6854 | D:8      | Reached skill level 1 in Invocations
  6875 | D:8      | Found a sacrificial altar of Ru.
  7060 | D:8      | 7060 ||| INVOKING Heroism.
  7090 | D:8      | 7090 ||| INVOKING Heroism.
  7275 | D:8      | Reached skill level 11 in Ranged Weapons
  7275 | D:8      | Reached skill level 3 in Invocations
  7467 | D:8      | Reached skill level 6 in Dodging
  7632 | D:8      | Found an ornate altar of the Wu Jian Council.
  7642 | D:8      | 7642 ||| Stepping ~*~*~tactically~*~*~ (outnumbered).
  7644 | D:8      | 7644 ||| Stepping ~*~*~tactically~*~*~ (outnumbered).
  7646 | D:8      | 7646 ||| Stepping ~*~*~tactically~*~*~ (outnumbered).
  7648 | D:8      | 7648 ||| Stepping ~*~*~tactically~*~*~ (outnumbered).
  7654 | D:8      | Reached ** piety under Okawaru
  7664 | D:8      | 7664 ||| INVOKING Heroism.
  7671 | D:8      | Reached skill level 12 in Ranged Weapons
  7968 | D:8      | 7968 ||| UPGRADING to +1 leather armour of poison
                  | resistance.
  7978 | D:8      | 7978 ||| DROPPING amulet of regeneration.
  7979 | D:8      | 7979 ||| DRINKING 2 sapphire potions.
  7979 | D:8      | Gained mutation: You are agile. (Dex +4, Str/Int -1)
                  | [potion of mutation]
  7979 | D:8      | Gained mutation: Your movements are slightly less
                  | encumbered by armour. (ER -2) [potion of mutation]
  7979 | D:8      | Gained mutation: You are partially covered in large bone
                  | plates. (SH +4) [potion of mutation]
  8033 | D:9      | 8033 ||| INVOKING Heroism.
  8037 | D:9      | Reached XP level 10. HP: 75/86 MP: 9/12
  8108 | D:9      | 8108 ||| INVOKING Heroism.
  8126 | D:9      | Reached *** piety under Okawaru
  8138 | D:9      | 8138 ||| INVOKING Heroism.
  8180 | D:9      | Noticed Erica
  8182 | D:9      | 8182 ||| INVOKING Heroism.
  8188 | D:9      | Killed Erica
  8200 | D:9      | Reached **** piety under Okawaru
  8248 | D:9      | Reached skill level 13 in Ranged Weapons
  8330 | D:9      | 8330 ||| INVOKING Heroism.
  8345 | D:9      | Reached skill level 9 in Fighting
  8513 | D:9      | Noticed Prince Ribbit
  8515 | D:9      | Killed Prince Ribbit
  8662 | D:9      | 8662 ||| INVOKING Heroism.
  8680 | D:9      | 8680 ||| DRINKING 5 potions of curing.
  8680 | D:9      | 8680 ||| (to cure confusion)
  8682 | D:9      | Reached skill level 6 in Invocations
  8705 | D:9      | Reached XP level 11. HP: 95/97 MP: 14/14
  8718 | D:9      | Reached ***** piety under Okawaru
  8718 | D:9      | Received a gift from Okawaru
  8759 | D:9      | 8759 ||| INVOKING Heroism.
  8993 | D:9      | 8993 ||| UPGRADING to +5 ring of evasion.
  8995 | D:9      | 8995 ||| DROPPING ring of see invisible.
  8996 | D:9      | 8996 ||| READING scroll labelled LONEAMMAYHA.
  8997 | D:9      | 8997 ||| READING scroll labelled QAEWET TI XOOWK.
  8998 | D:9      | 8998 ||| READING 4 scrolls of identify.
  8998 | D:9      | 8998 ||| IDENTIFYING bubbling red potion
  8999 | D:9      | 8999 ||| DROPPING potion of lignification.
  9024 | D:10     | Entered Level 10 of the Dungeon
  9027 | D:10     | 9027 ||| Stepping ~*~*~tactically~*~*~ (outnumbered).
  9029 | D:10     | 9029 ||| Stepping ~*~*~tactically~*~*~ (outnumbered).
  9031 | D:10     | 9031 ||| Stepping ~*~*~tactically~*~*~ (outnumbered).
  9032 | D:10     | 9032 ||| Stepping ~*~*~tactically~*~*~ (outnumbered).
  9035 | D:10     | 9035 ||| Stepping ~*~*~tactically~*~*~ (outnumbered).
  9188 | D:10     | Found a flagged portal.
  9189 | D:10     | 9189 ||| Stepping ~*~*~tactically~*~*~ (outnumbered).
  9191 | D:10     | 9191 ||| Stepping ~*~*~tactically~*~*~ (outnumbered).
  9193 | D:10     | 9193 ||| Stepping ~*~*~tactically~*~*~ (outnumbered).
  9195 | D:10     | 9195 ||| Stepping ~*~*~tactically~*~*~ (outnumbered).
  9197 | D:10     | 9197 ||| Stepping ~*~*~tactically~*~*~ (outnumbered).
  9199 | D:10     | 9199 ||| Stepping ~*~*~tactically~*~*~ (outnumbered).
  9201 | D:10     | 9201 ||| Stepping ~*~*~tactically~*~*~ (outnumbered).
  9203 | D:10     | 9203 ||| Stepping ~*~*~tactically~*~*~ (outnumbered).
  9205 | D:10     | 9205 ||| Stepping ~*~*~tactically~*~*~ (outnumbered).
  9207 | D:10     | 9207 ||| Stepping ~*~*~tactically~*~*~ (outnumbered).
  9209 | D:10     | 9209 ||| Stepping ~*~*~tactically~*~*~ (outnumbered).
  9211 | D:10     | 9211 ||| Stepping ~*~*~tactically~*~*~ (outnumbered).
  9213 | D:10     | 9213 ||| Stepping ~*~*~tactically~*~*~ (outnumbered).
  9215 | D:10     | 9215 ||| Stepping ~*~*~tactically~*~*~ (outnumbered).
  9217 | D:10     | 9217 ||| Stepping ~*~*~tactically~*~*~ (outnumbered).
  9219 | D:10     | 9219 ||| Stepping ~*~*~tactically~*~*~ (outnumbered).
  9221 | D:10     | 9221 ||| Stepping ~*~*~tactically~*~*~ (outnumbered).
  9223 | D:10     | 9223 ||| Stepping ~*~*~tactically~*~*~ (outnumbered).
  9225 | D:10     | 9225 ||| Stepping ~*~*~tactically~*~*~ (outnumbered).
  9227 | D:10     | 9227 ||| Stepping ~*~*~tactically~*~*~ (outnumbered).
  9229 | D:10     | 9229 ||| Stepping ~*~*~tactically~*~*~ (outnumbered).
  9231 | D:10     | 9231 ||| Stepping ~*~*~tactically~*~*~ (outnumbered).
  9238 | D:10     | 9238 ||| Stepping ~*~*~tactically~*~*~ (outnumbered).
  9240 | D:10     | 9240 ||| Stepping ~*~*~tactically~*~*~ (outnumbered).
  9242 | D:10     | 9242 ||| Stepping ~*~*~tactically~*~*~ (outnumbered).
  9244 | D:10     | 9244 ||| Stepping ~*~*~tactically~*~*~ (outnumbered).
  9246 | D:10     | 9246 ||| Stepping ~*~*~tactically~*~*~ (outnumbered).
  9248 | D:10     | 9248 ||| Stepping ~*~*~tactically~*~*~ (outnumbered).
  9250 | D:10     | 9250 ||| Stepping ~*~*~tactically~*~*~ (outnumbered).
  9252 | D:10     | 9252 ||| Stepping ~*~*~tactically~*~*~ (outnumbered).
  9254 | D:10     | 9254 ||| Stepping ~*~*~tactically~*~*~ (outnumbered).
  9256 | D:10     | 9256 ||| Stepping ~*~*~tactically~*~*~ (outnumbered).
  9258 | D:10     | 9258 ||| Stepping ~*~*~tactically~*~*~ (outnumbered).
  9260 | D:10     | 9260 ||| Stepping ~*~*~tactically~*~*~ (outnumbered).
  9262 | D:10     | 9262 ||| Stepping ~*~*~tactically~*~*~ (outnumbered).
  9264 | D:10     | 9264 ||| Stepping ~*~*~tactically~*~*~ (outnumbered).
  9266 | D:10     | 9266 ||| Stepping ~*~*~tactically~*~*~ (outnumbered).
  9268 | D:10     | 9268 ||| Stepping ~*~*~tactically~*~*~ (outnumbered).
  9270 | D:10     | 9270 ||| Stepping ~*~*~tactically~*~*~ (outnumbered).
  9272 | D:10     | 9272 ||| Stepping ~*~*~tactically~*~*~ (outnumbered).
  9274 | D:10     | 9274 ||| Stepping ~*~*~tactically~*~*~ (outnumbered).
  9276 | D:10     | 9276 ||| Stepping ~*~*~tactically~*~*~ (outnumbered).
  9278 | D:10     | 9278 ||| Stepping ~*~*~tactically~*~*~ (outnumbered).
  9280 | D:10     | 9280 ||| Stepping ~*~*~tactically~*~*~ (outnumbered).
  9282 | D:10     | 9282 ||| Stepping ~*~*~tactically~*~*~ (outnumbered).
  9284 | D:10     | 9284 ||| Stepping ~*~*~tactically~*~*~ (outnumbered).
  9286 | D:10     | 9286 ||| Stepping ~*~*~tactically~*~*~ (outnumbered).
  9288 | D:10     | 9288 ||| Stepping ~*~*~tactically~*~*~ (outnumbered).
  9290 | D:10     | 9290 ||| Stepping ~*~*~tactically~*~*~ (outnumbered).
  9292 | D:10     | 9292 ||| Stepping ~*~*~tactically~*~*~ (outnumbered).
  9294 | D:10     | 9294 ||| Stepping ~*~*~tactically~*~*~ (outnumbered).
  9296 | D:10     | 9296 ||| Stepping ~*~*~tactically~*~*~ (outnumbered).
  9298 | D:10     | 9298 ||| Stepping ~*~*~tactically~*~*~ (outnumbered).
  9300 | D:10     | 9300 ||| Stepping ~*~*~tactically~*~*~ (outnumbered).
  9302 | D:10     | 9302 ||| Stepping ~*~*~tactically~*~*~ (outnumbered).
  9304 | D:10     | 9304 ||| Stepping ~*~*~tactically~*~*~ (outnumbered).
  9306 | D:10     | 9306 ||| Stepping ~*~*~tactically~*~*~ (outnumbered).
  9308 | D:10     | 9308 ||| Stepping ~*~*~tactically~*~*~ (outnumbered).
  9310 | D:10     | 9310 ||| Stepping ~*~*~tactically~*~*~ (outnumbered).
  9312 | D:10     | 9312 ||| Stepping ~*~*~tactically~*~*~ (outnumbered).
  9314 | D:10     | 9314 ||| Stepping ~*~*~tactically~*~*~ (outnumbered).
  9316 | D:10     | 9316 ||| Stepping ~*~*~tactically~*~*~ (outnumbered).
  9318 | D:10     | 9318 ||| Stepping ~*~*~tactically~*~*~ (outnumbered).
  9320 | D:10     | 9320 ||| Stepping ~*~*~tactically~*~*~ (outnumbered).
  9322 | D:10     | 9322 ||| Stepping ~*~*~tactically~*~*~ (outnumbered).
  9324 | D:10     | 9324 ||| Stepping ~*~*~tactically~*~*~ (outnumbered).
  9326 | D:10     | 9326 ||| Stepping ~*~*~tactically~*~*~ (outnumbered).
  9328 | D:10     | 9328 ||| Stepping ~*~*~tactically~*~*~ (outnumbered).
  9330 | D:10     | 9330 ||| Stepping ~*~*~tactically~*~*~ (outnumbered).
  9332 | D:10     | 9332 ||| Stepping ~*~*~tactically~*~*~ (outnumbered).
  9334 | D:10     | 9334 ||| Stepping ~*~*~tactically~*~*~ (outnumbered).
  9336 | D:10     | 9336 ||| Stepping ~*~*~tactically~*~*~ (outnumbered).
  9338 | D:10     | 9338 ||| Stepping ~*~*~tactically~*~*~ (outnumbered).
  9340 | D:10     | 9340 ||| Stepping ~*~*~tactically~*~*~ (outnumbered).
  9342 | D:10     | 9342 ||| Stepping ~*~*~tactically~*~*~ (outnumbered).
  9344 | D:10     | 9344 ||| Stepping ~*~*~tactically~*~*~ (outnumbered).
  9346 | D:10     | 9346 ||| Stepping ~*~*~tactically~*~*~ (outnumbered).
  9350 | D:10     | 9350 ||| Stepping ~*~*~tactically~*~*~ (outnumbered).
  9352 | D:10     | 9352 ||| Stepping ~*~*~tactically~*~*~ (outnumbered).
  9354 | D:10     | 9354 ||| Stepping ~*~*~tactically~*~*~ (outnumbered).
  9356 | D:10     | 9356 ||| Stepping ~*~*~tactically~*~*~ (outnumbered).
  9358 | D:10     | 9358 ||| Stepping ~*~*~tactically~*~*~ (outnumbered).
  9360 | D:10     | 9360 ||| Stepping ~*~*~tactically~*~*~ (outnumbered).
  9362 | D:10     | 9362 ||| Stepping ~*~*~tactically~*~*~ (outnumbered).
  9364 | D:10     | 9364 ||| Stepping ~*~*~tactically~*~*~ (outnumbered).
  9366 | D:10     | 9366 ||| Stepping ~*~*~tactically~*~*~ (outnumbered).
  9368 | D:10     | 9368 ||| Stepping ~*~*~tactically~*~*~ (outnumbered).
  9370 | D:10     | 9370 ||| Stepping ~*~*~tactically~*~*~ (outnumbered).
  9372 | D:10     | 9372 ||| Stepping ~*~*~tactically~*~*~ (outnumbered).
  9374 | D:10     | 9374 ||| Stepping ~*~*~tactically~*~*~ (outnumbered).
  9376 | D:10     | 9376 ||| Stepping ~*~*~tactically~*~*~ (outnumbered).
  9378 | D:10     | 9378 ||| Stepping ~*~*~tactically~*~*~ (outnumbered).
  9380 | D:10     | 9380 ||| Stepping ~*~*~tactically~*~*~ (outnumbered).
  9382 | D:10     | 9382 ||| Stepping ~*~*~tactically~*~*~ (outnumbered).
  9386 | D:10     | 9386 ||| Stepping ~*~*~tactically~*~*~ (outnumbered).
  9388 | D:10     | 9388 ||| Stepping ~*~*~tactically~*~*~ (outnumbered).
  9390 | D:10     | 9390 ||| Stepping ~*~*~tactically~*~*~ (outnumbered).
  9392 | D:10     | 9392 ||| Stepping ~*~*~tactically~*~*~ (outnumbered).
  9394 | D:10     | 9394 ||| Stepping ~*~*~tactically~*~*~ (outnumbered).
  9396 | D:10     | 9396 ||| Stepping ~*~*~tactically~*~*~ (outnumbered).
  9398 | D:10     | 9398 ||| Stepping ~*~*~tactically~*~*~ (outnumbered).
  9400 | D:10     | 9400 ||| Stepping ~*~*~tactically~*~*~ (outnumbered).
  9402 | D:10     | 9402 ||| Stepping ~*~*~tactically~*~*~ (outnumbered).
  9404 | D:10     | 9404 ||| Stepping ~*~*~tactically~*~*~ (outnumbered).
  9406 | D:10     | 9406 ||| Stepping ~*~*~tactically~*~*~ (outnumbered).
  9408 | D:10     | 9408 ||| Stepping ~*~*~tactically~*~*~ (outnumbered).
  9410 | D:10     | 9410 ||| Stepping ~*~*~tactically~*~*~ (outnumbered).
  9412 | D:10     | 9412 ||| Stepping ~*~*~tactically~*~*~ (outnumbered).
  9414 | D:10     | 9414 ||| Stepping ~*~*~tactically~*~*~ (outnumbered).
  9416 | D:10     | 9416 ||| Stepping ~*~*~tactically~*~*~ (outnumbered).
  9418 | D:10     | 9418 ||| Stepping ~*~*~tactically~*~*~ (outnumbered).
  9420 | D:10     | 9420 ||| Stepping ~*~*~tactically~*~*~ (outnumbered).
  9422 | D:10     | 9422 ||| Stepping ~*~*~tactically~*~*~ (outnumbered).
  9424 | D:10     | 9424 ||| Stepping ~*~*~tactically~*~*~ (outnumbered).
  9426 | D:10     | 9426 ||| Stepping ~*~*~tactically~*~*~ (outnumbered).
  9428 | D:10     | 9428 ||| Stepping ~*~*~tactically~*~*~ (outnumbered).
  9430 | D:10     | 9430 ||| Stepping ~*~*~tactically~*~*~ (outnumbered).
  9438 | D:10     | 9438 ||| Stepping ~*~*~tactically~*~*~ (outnumbered).
  9450 | D:10     | 9450 ||| Stepping ~*~*~tactically~*~*~ (outnumbered).
  9452 | D:10     | 9452 ||| Stepping ~*~*~tactically~*~*~ (outnumbered).
  9454 | D:10     | 9454 ||| Stepping ~*~*~tactically~*~*~ (outnumbered).
  9456 | D:10     | 9456 ||| Stepping ~*~*~tactically~*~*~ (outnumbered).
  9458 | D:10     | 9458 ||| Stepping ~*~*~tactically~*~*~ (outnumbered).
  9460 | D:10     | 9460 ||| Stepping ~*~*~tactically~*~*~ (outnumbered).
  9469 | D:10     | 9469 ||| Stepping ~*~*~tactically~*~*~ (outnumbered).
  9471 | D:10     | 9471 ||| Stepping ~*~*~tactically~*~*~ (outnumbered).
  9473 | D:10     | 9473 ||| Stepping ~*~*~tactically~*~*~ (outnumbered).
  9475 | D:10     | 9475 ||| Stepping ~*~*~tactically~*~*~ (outnumbered).
  9477 | D:10     | 9477 ||| Stepping ~*~*~tactically~*~*~ (outnumbered).
  9479 | D:10     | 9479 ||| Stepping ~*~*~tactically~*~*~ (outnumbered).
  9481 | D:10     | 9481 ||| Stepping ~*~*~tactically~*~*~ (outnumbered).
  9483 | D:10     | 9483 ||| Stepping ~*~*~tactically~*~*~ (outnumbered).
  9485 | D:10     | 9485 ||| Stepping ~*~*~tactically~*~*~ (outnumbered).
  9487 | D:10     | 9487 ||| Stepping ~*~*~tactically~*~*~ (outnumbered).
  9489 | D:10     | 9489 ||| Stepping ~*~*~tactically~*~*~ (outnumbered).
  9491 | D:10     | 9491 ||| Stepping ~*~*~tactically~*~*~ (outnumbered).
  9493 | D:10     | 9493 ||| Stepping ~*~*~tactically~*~*~ (outnumbered).
  9495 | D:10     | 9495 ||| Stepping ~*~*~tactically~*~*~ (outnumbered).
  9497 | D:10     | 9497 ||| Stepping ~*~*~tactically~*~*~ (outnumbered).
  9499 | D:10     | 9499 ||| Stepping ~*~*~tactically~*~*~ (outnumbered).
  9501 | D:10     | 9501 ||| Stepping ~*~*~tactically~*~*~ (outnumbered).
  9503 | D:10     | 9503 ||| Stepping ~*~*~tactically~*~*~ (outnumbered).
  9505 | D:10     | 9505 ||| Stepping ~*~*~tactically~*~*~ (outnumbered).
  9507 | D:10     | 9507 ||| Stepping ~*~*~tactically~*~*~ (outnumbered).
  9509 | D:10     | 9509 ||| Stepping ~*~*~tactically~*~*~ (outnumbered).
  9511 | D:10     | 9511 ||| Stepping ~*~*~tactically~*~*~ (outnumbered).
  9513 | D:10     | 9513 ||| Stepping ~*~*~tactically~*~*~ (outnumbered).
  9515 | D:10     | 9515 ||| Stepping ~*~*~tactically~*~*~ (outnumbered).
  9517 | D:10     | 9517 ||| Stepping ~*~*~tactically~*~*~ (outnumbered).
  9519 | D:10     | 9519 ||| Stepping ~*~*~tactically~*~*~ (outnumbered).
  9521 | D:10     | 9521 ||| Stepping ~*~*~tactically~*~*~ (outnumbered).
  9523 | D:10     | 9523 ||| Stepping ~*~*~tactically~*~*~ (outnumbered).
  9525 | D:10     | 9525 ||| Stepping ~*~*~tactically~*~*~ (outnumbered).
  9527 | D:10     | 9527 ||| Stepping ~*~*~tactically~*~*~ (outnumbered).
  9529 | D:10     | 9529 ||| Stepping ~*~*~tactically~*~*~ (outnumbered).
  9536 | D:10     | 9536 ||| Stepping ~*~*~tactically~*~*~ (outnumbered).
  9538 | D:10     | 9538 ||| Stepping ~*~*~tactically~*~*~ (outnumbered).
  9540 | D:10     | 9540 ||| Stepping ~*~*~tactically~*~*~ (outnumbered).
  9542 | D:10     | 9542 ||| Stepping ~*~*~tactically~*~*~ (outnumbered).
  9544 | D:10     | 9544 ||| Stepping ~*~*~tactically~*~*~ (outnumbered).
  9546 | D:10     | 9546 ||| Stepping ~*~*~tactically~*~*~ (outnumbered).
  9548 | D:10     | 9548 ||| Stepping ~*~*~tactically~*~*~ (outnumbered).
  9550 | D:10     | 9550 ||| Stepping ~*~*~tactically~*~*~ (outnumbered).
  9552 | D:10     | 9552 ||| Stepping ~*~*~tactically~*~*~ (outnumbered).
  9558 | D:10     | 9558 ||| Stepping ~*~*~tactically~*~*~ (outnumbered).
  9560 | D:10     | 9560 ||| Stepping ~*~*~tactically~*~*~ (outnumbered).
  9562 | D:10     | 9562 ||| Stepping ~*~*~tactically~*~*~ (outnumbered).
  9564 | D:10     | 9564 ||| Stepping ~*~*~tactically~*~*~ (outnumbered).
  9566 | D:10     | 9566 ||| Stepping ~*~*~tactically~*~*~ (outnumbered).
  9568 | D:10     | 9568 ||| Stepping ~*~*~tactically~*~*~ (outnumbered).
  9570 | D:10     | 9570 ||| Stepping ~*~*~tactically~*~*~ (outnumbered).
  9572 | D:10     | 9572 ||| Stepping ~*~*~tactically~*~*~ (outnumbered).
  9574 | D:10     | 9574 ||| Stepping ~*~*~tactically~*~*~ (outnumbered).
  9576 | D:10     | 9576 ||| Stepping ~*~*~tactically~*~*~ (outnumbered).
  9578 | D:10     | 9578 ||| Stepping ~*~*~tactically~*~*~ (outnumbered).
  9580 | D:10     | 9580 ||| Stepping ~*~*~tactically~*~*~ (outnumbered).
  9582 | D:10     | 9582 ||| Stepping ~*~*~tactically~*~*~ (outnumbered).
  9584 | D:10     | 9584 ||| Stepping ~*~*~tactically~*~*~ (outnumbered).
  9586 | D:10     | 9586 ||| Stepping ~*~*~tactically~*~*~ (outnumbered).
  9588 | D:10     | 9588 ||| Stepping ~*~*~tactically~*~*~ (outnumbered).
  9590 | D:10     | 9590 ||| Stepping ~*~*~tactically~*~*~ (outnumbered).
  9592 | D:10     | 9592 ||| Stepping ~*~*~tactically~*~*~ (outnumbered).
  9594 | D:10     | 9594 ||| Stepping ~*~*~tactically~*~*~ (outnumbered).
  9596 | D:10     | 9596 ||| Stepping ~*~*~tactically~*~*~ (outnumbered).
  9598 | D:10     | 9598 ||| Stepping ~*~*~tactically~*~*~ (outnumbered).
  9600 | D:10     | 9600 ||| Stepping ~*~*~tactically~*~*~ (outnumbered).
  9602 | D:10     | 9602 ||| Stepping ~*~*~tactically~*~*~ (outnumbered).
  9604 | D:10     | 9604 ||| Stepping ~*~*~tactically~*~*~ (outnumbered).
  9606 | D:10     | 9606 ||| Stepping ~*~*~tactically~*~*~ (outnumbered).
  9608 | D:10     | 9608 ||| Stepping ~*~*~tactically~*~*~ (outnumbered).
  9610 | D:10     | 9610 ||| Stepping ~*~*~tactically~*~*~ (outnumbered).
  9612 | D:10     | 9612 ||| Stepping ~*~*~tactically~*~*~ (outnumbered).
  9619 | D:10     | 9619 ||| Stepping ~*~*~tactically~*~*~ (outnumbered).
  9621 | D:10     | 9621 ||| Stepping ~*~*~tactically~*~*~ (outnumbered).
  9623 | D:10     | 9623 ||| Stepping ~*~*~tactically~*~*~ (outnumbered).
  9625 | D:10     | 9625 ||| Stepping ~*~*~tactically~*~*~ (outnumbered).
  9627 | D:10     | 9627 ||| Stepping ~*~*~tactically~*~*~ (outnumbered).
  9629 | D:10     | 9629 ||| Stepping ~*~*~tactically~*~*~ (outnumbered).
  9631 | D:10     | 9631 ||| Stepping ~*~*~tactically~*~*~ (outnumbered).
  9633 | D:10     | 9633 ||| Stepping ~*~*~tactically~*~*~ (outnumbered).
  9635 | D:10     | 9635 ||| Stepping ~*~*~tactically~*~*~ (outnumbered).
  9637 | D:10     | 9637 ||| Stepping ~*~*~tactically~*~*~ (outnumbered).
  9639 | D:10     | 9639 ||| Stepping ~*~*~tactically~*~*~ (outnumbered).
  9641 | D:10     | 9641 ||| Stepping ~*~*~tactically~*~*~ (outnumbered).
  9643 | D:10     | 9643 ||| Stepping ~*~*~tactically~*~*~ (outnumbered).
  9645 | D:10     | 9645 ||| Stepping ~*~*~tactically~*~*~ (outnumbered).
  9647 | D:10     | 9647 ||| Stepping ~*~*~tactically~*~*~ (outnumbered).
  9649 | D:10     | 9649 ||| Stepping ~*~*~tactically~*~*~ (outnumbered).
  9651 | D:10     | 9651 ||| Stepping ~*~*~tactically~*~*~ (outnumbered).
  9653 | D:10     | 9653 ||| Stepping ~*~*~tactically~*~*~ (outnumbered).
  9655 | D:10     | 9655 ||| Stepping ~*~*~tactically~*~*~ (outnumbered).
  9657 | D:10     | 9657 ||| Stepping ~*~*~tactically~*~*~ (outnumbered).
  9659 | D:10     | 9659 ||| Stepping ~*~*~tactically~*~*~ (outnumbered).
  9661 | D:10     | 9661 ||| Stepping ~*~*~tactically~*~*~ (outnumbered).
  9663 | D:10     | 9663 ||| Stepping ~*~*~tactically~*~*~ (outnumbered).
  9665 | D:10     | 9665 ||| Stepping ~*~*~tactically~*~*~ (outnumbered).
  9667 | D:10     | 9667 ||| Stepping ~*~*~tactically~*~*~ (outnumbered).
  9669 | D:10     | 9669 ||| Stepping ~*~*~tactically~*~*~ (outnumbered).
  9671 | D:10     | 9671 ||| Stepping ~*~*~tactically~*~*~ (outnumbered).
  9673 | D:10     | 9673 ||| Stepping ~*~*~tactically~*~*~ (outnumbered).
  9675 | D:10     | 9675 ||| Stepping ~*~*~tactically~*~*~ (outnumbered).
  9677 | D:10     | 9677 ||| Stepping ~*~*~tactically~*~*~ (outnumbered).
  9679 | D:10     | 9679 ||| Stepping ~*~*~tactically~*~*~ (outnumbered).
  9681 | D:10     | 9681 ||| Stepping ~*~*~tactically~*~*~ (outnumbered).
  9683 | D:10     | 9683 ||| Stepping ~*~*~tactically~*~*~ (outnumbered).
  9685 | D:10     | 9685 ||| Stepping ~*~*~tactically~*~*~ (outnumbered).
  9687 | D:10     | 9687 ||| Stepping ~*~*~tactically~*~*~ (outnumbered).
  9697 | D:10     | 9697 ||| Stepping ~*~*~tactically~*~*~ (outnumbered).
  9699 | D:10     | 9699 ||| Stepping ~*~*~tactically~*~*~ (outnumbered).
  9701 | D:10     | 9701 ||| Stepping ~*~*~tactically~*~*~ (outnumbered).
  9703 | D:10     | 9703 ||| Stepping ~*~*~tactically~*~*~ (outnumbered).
  9705 | D:10     | 9705 ||| Stepping ~*~*~tactically~*~*~ (outnumbered).
  9707 | D:10     | 9707 ||| Stepping ~*~*~tactically~*~*~ (outnumbered).
  9713 | D:10     | 9713 ||| Stepping ~*~*~tactically~*~*~ (outnumbered).
  9715 | D:10     | 9715 ||| Stepping ~*~*~tactically~*~*~ (outnumbered).
  9717 | D:10     | 9717 ||| Stepping ~*~*~tactically~*~*~ (outnumbered).
  9719 | D:10     | 9719 ||| Stepping ~*~*~tactically~*~*~ (outnumbered).
  9721 | D:10     | 9721 ||| Stepping ~*~*~tactically~*~*~ (outnumbered).
  9723 | D:10     | 9723 ||| Stepping ~*~*~tactically~*~*~ (outnumbered).
  9733 | D:10     | 9733 ||| Stepping ~*~*~tactically~*~*~ (outnumbered).
  9735 | D:10     | 9735 ||| Stepping ~*~*~tactically~*~*~ (outnumbered).
  9737 | D:10     | 9737 ||| Stepping ~*~*~tactically~*~*~ (outnumbered).
  9739 | D:10     | 9739 ||| Stepping ~*~*~tactically~*~*~ (outnumbered).
  9741 | D:10     | 9741 ||| Stepping ~*~*~tactically~*~*~ (outnumbered).
  9743 | D:10     | 9743 ||| Stepping ~*~*~tactically~*~*~ (outnumbered).
  9745 | D:10     | 9745 ||| Stepping ~*~*~tactically~*~*~ (outnumbered).
  9747 | D:10     | 9747 ||| Stepping ~*~*~tactically~*~*~ (outnumbered).
  9749 | D:10     | 9749 ||| Stepping ~*~*~tactically~*~*~ (outnumbered).
  9751 | D:10     | 9751 ||| Stepping ~*~*~tactically~*~*~ (outnumbered).
  9753 | D:10     | 9753 ||| Stepping ~*~*~tactically~*~*~ (outnumbered).
  9755 | D:10     | 9755 ||| Stepping ~*~*~tactically~*~*~ (outnumbered).
  9757 | D:10     | 9757 ||| Stepping ~*~*~tactically~*~*~ (outnumbered).
  9759 | D:10     | 9759 ||| Stepping ~*~*~tactically~*~*~ (outnumbered).
  9761 | D:10     | 9761 ||| Stepping ~*~*~tactically~*~*~ (outnumbered).
  9763 | D:10     | 9763 ||| Stepping ~*~*~tactically~*~*~ (outnumbered).
  9765 | D:10     | 9765 ||| Stepping ~*~*~tactically~*~*~ (outnumbered).
  9767 | D:10     | 9767 ||| Stepping ~*~*~tactically~*~*~ (outnumbered).
  9769 | D:10     | 9769 ||| Stepping ~*~*~tactically~*~*~ (outnumbered).
  9771 | D:10     | 9771 ||| Stepping ~*~*~tactically~*~*~ (outnumbered).
  9773 | D:10     | 9773 ||| Stepping ~*~*~tactically~*~*~ (outnumbered).
  9775 | D:10     | 9775 ||| Stepping ~*~*~tactically~*~*~ (outnumbered).
  9777 | D:10     | 9777 ||| Stepping ~*~*~tactically~*~*~ (outnumbered).
  9779 | D:10     | 9779 ||| Stepping ~*~*~tactically~*~*~ (outnumbered).
  9791 | D:10     | 9791 ||| Stepping ~*~*~tactically~*~*~ (outnumbered).
  9793 | D:10     | 9793 ||| Stepping ~*~*~tactically~*~*~ (outnumbered).
  9795 | D:10     | 9795 ||| Stepping ~*~*~tactically~*~*~ (outnumbered).
  9797 | D:10     | 9797 ||| Stepping ~*~*~tactically~*~*~ (outnumbered).
  9799 | D:10     | 9799 ||| Stepping ~*~*~tactically~*~*~ (outnumbered).
  9801 | D:10     | 9801 ||| Stepping ~*~*~tactically~*~*~ (outnumbered).
  9803 | D:10     | 9803 ||| Stepping ~*~*~tactically~*~*~ (outnumbered).
  9805 | D:10     | 9805 ||| Stepping ~*~*~tactically~*~*~ (outnumbered).
  9807 | D:10     | 9807 ||| Stepping ~*~*~tactically~*~*~ (outnumbered).
  9809 | D:10     | 9809 ||| Stepping ~*~*~tactically~*~*~ (outnumbered).
  9811 | D:10     | 9811 ||| Stepping ~*~*~tactically~*~*~ (outnumbered).
  9813 | D:10     | 9813 ||| Stepping ~*~*~tactically~*~*~ (outnumbered).
  9815 | D:10     | 9815 ||| Stepping ~*~*~tactically~*~*~ (outnumbered).
  9817 | D:10     | 9817 ||| Stepping ~*~*~tactically~*~*~ (outnumbered).
  9819 | D:10     | 9819 ||| Stepping ~*~*~tactically~*~*~ (outnumbered).
  9821 | D:10     | 9821 ||| Stepping ~*~*~tactically~*~*~ (outnumbered).
  9825 | D:10     | 9825 ||| Stepping ~*~*~tactically~*~*~ (outnumbered).
  9827 | D:10     | 9827 ||| Stepping ~*~*~tactically~*~*~ (outnumbered).
  9829 | D:10     | 9829 ||| Stepping ~*~*~tactically~*~*~ (outnumbered).
  9831 | D:10     | 9831 ||| Stepping ~*~*~tactically~*~*~ (outnumbered).
  9833 | D:10     | 9833 ||| Stepping ~*~*~tactically~*~*~ (outnumbered).
  9835 | D:10     | 9835 ||| Stepping ~*~*~tactically~*~*~ (outnumbered).
  9837 | D:10     | 9837 ||| Stepping ~*~*~tactically~*~*~ (outnumbered).
  9839 | D:10     | 9839 ||| Stepping ~*~*~tactically~*~*~ (outnumbered).
  9847 | D:10     | 9847 ||| Stepping ~*~*~tactically~*~*~ (outnumbered).
  9849 | D:10     | 9849 ||| Stepping ~*~*~tactically~*~*~ (outnumbered).
  9851 | D:10     | 9851 ||| Stepping ~*~*~tactically~*~*~ (outnumbered).
  9853 | D:10     | 9853 ||| Stepping ~*~*~tactically~*~*~ (outnumbered).
  9855 | D:10     | 9855 ||| Stepping ~*~*~tactically~*~*~ (outnumbered).
  9857 | D:10     | 9857 ||| Stepping ~*~*~tactically~*~*~ (outnumbered).
  9859 | D:10     | 9859 ||| Stepping ~*~*~tactically~*~*~ (outnumbered).
  9861 | D:10     | 9861 ||| Stepping ~*~*~tactically~*~*~ (outnumbered).
  9863 | D:10     | 9863 ||| Stepping ~*~*~tactically~*~*~ (outnumbered).
  9865 | D:10     | 9865 ||| Stepping ~*~*~tactically~*~*~ (outnumbered).
  9867 | D:10     | 9867 ||| Stepping ~*~*~tactically~*~*~ (outnumbered).
  9869 | D:10     | 9869 ||| Stepping ~*~*~tactically~*~*~ (outnumbered).
  9871 | D:10     | 9871 ||| Stepping ~*~*~tactically~*~*~ (outnumbered).
  9873 | D:10     | 9873 ||| Stepping ~*~*~tactically~*~*~ (outnumbered).
  9875 | D:10     | 9875 ||| Stepping ~*~*~tactically~*~*~ (outnumbered).
  9877 | D:10     | 9877 ||| Stepping ~*~*~tactically~*~*~ (outnumbered).
  9879 | D:10     | 9879 ||| Stepping ~*~*~tactically~*~*~ (outnumbered).
  9881 | D:10     | 9881 ||| Stepping ~*~*~tactically~*~*~ (outnumbered).
  9883 | D:10     | 9883 ||| Stepping ~*~*~tactically~*~*~ (outnumbered).
  9885 | D:10     | 9885 ||| Stepping ~*~*~tactically~*~*~ (outnumbered).
  9887 | D:10     | 9887 ||| Stepping ~*~*~tactically~*~*~ (outnumbered).
  9889 | D:10     | 9889 ||| Stepping ~*~*~tactically~*~*~ (outnumbered).
  9891 | D:10     | 9891 ||| Stepping ~*~*~tactically~*~*~ (outnumbered).
  9893 | D:10     | 9893 ||| Stepping ~*~*~tactically~*~*~ (outnumbered).
  9895 | D:10     | 9895 ||| Stepping ~*~*~tactically~*~*~ (outnumbered).
  9897 | D:10     | 9897 ||| Stepping ~*~*~tactically~*~*~ (outnumbered).
  9899 | D:10     | 9899 ||| Stepping ~*~*~tactically~*~*~ (outnumbered).
  9901 | D:10     | 9901 ||| Stepping ~*~*~tactically~*~*~ (outnumbered).
  9903 | D:10     | 9903 ||| Stepping ~*~*~tactically~*~*~ (outnumbered).
  9905 | D:10     | 9905 ||| Stepping ~*~*~tactically~*~*~ (outnumbered).
  9907 | D:10     | 9907 ||| Stepping ~*~*~tactically~*~*~ (outnumbered).
  9909 | D:10     | 9909 ||| Stepping ~*~*~tactically~*~*~ (outnumbered).
  9911 | D:10     | 9911 ||| Stepping ~*~*~tactically~*~*~ (outnumbered).
  9913 | D:10     | 9913 ||| Stepping ~*~*~tactically~*~*~ (outnumbered).
  9915 | D:10     | 9915 ||| Stepping ~*~*~tactically~*~*~ (outnumbered).
  9917 | D:10     | 9917 ||| Stepping ~*~*~tactically~*~*~ (outnumbered).
  9919 | D:10     | 9919 ||| Stepping ~*~*~tactically~*~*~ (outnumbered).
  9921 | D:10     | 9921 ||| Stepping ~*~*~tactically~*~*~ (outnumbered).
  9923 | D:10     | 9923 ||| Stepping ~*~*~tactically~*~*~ (outnumbered).
  9925 | D:10     | 9925 ||| Stepping ~*~*~tactically~*~*~ (outnumbered).
  9927 | D:10     | 9927 ||| Stepping ~*~*~tactically~*~*~ (outnumbered).
  9929 | D:10     | 9929 ||| Stepping ~*~*~tactically~*~*~ (outnumbered).
  9931 | D:10     | 9931 ||| Stepping ~*~*~tactically~*~*~ (outnumbered).
  9933 | D:10     | 9933 ||| Stepping ~*~*~tactically~*~*~ (outnumbered).
  9935 | D:10     | 9935 ||| Stepping ~*~*~tactically~*~*~ (outnumbered).
  9937 | D:10     | 9937 ||| Stepping ~*~*~tactically~*~*~ (outnumbered).
  9939 | D:10     | 9939 ||| Stepping ~*~*~tactically~*~*~ (outnumbered).
  9941 | D:10     | 9941 ||| Stepping ~*~*~tactically~*~*~ (outnumbered).
  9943 | D:10     | 9943 ||| Stepping ~*~*~tactically~*~*~ (outnumbered).
  9945 | D:10     | 9945 ||| Stepping ~*~*~tactically~*~*~ (outnumbered).
  9947 | D:10     | 9947 ||| Stepping ~*~*~tactically~*~*~ (outnumbered).
  9949 | D:10     | 9949 ||| Stepping ~*~*~tactically~*~*~ (outnumbered).
  9951 | D:10     | 9951 ||| Stepping ~*~*~tactically~*~*~ (outnumbered).
  9953 | D:10     | 9953 ||| Stepping ~*~*~tactically~*~*~ (outnumbered).
  9955 | D:10     | 9955 ||| Stepping ~*~*~tactically~*~*~ (outnumbered).
  9957 | D:10     | 9957 ||| Stepping ~*~*~tactically~*~*~ (outnumbered).
  9959 | D:10     | 9959 ||| Stepping ~*~*~tactically~*~*~ (outnumbered).
  9961 | D:10     | 9961 ||| Stepping ~*~*~tactically~*~*~ (outnumbered).
  9963 | D:10     | 9963 ||| Stepping ~*~*~tactically~*~*~ (outnumbered).
  9965 | D:10     | 9965 ||| Stepping ~*~*~tactically~*~*~ (outnumbered).
  9967 | D:10     | 9967 ||| Stepping ~*~*~tactically~*~*~ (outnumbered).
  9969 | D:10     | 9969 ||| Stepping ~*~*~tactically~*~*~ (outnumbered).
  9971 | D:10     | 9971 ||| Stepping ~*~*~tactically~*~*~ (outnumbered).
  9973 | D:10     | 9973 ||| Stepping ~*~*~tactically~*~*~ (outnumbered).
  9975 | D:10     | 9975 ||| Stepping ~*~*~tactically~*~*~ (outnumbered).
  9977 | D:10     | 9977 ||| Stepping ~*~*~tactically~*~*~ (outnumbered).
  9979 | D:10     | 9979 ||| Stepping ~*~*~tactically~*~*~ (outnumbered).
  9981 | D:10     | 9981 ||| Stepping ~*~*~tactically~*~*~ (outnumbered).
  9983 | D:10     | 9983 ||| Stepping ~*~*~tactically~*~*~ (outnumbered).
  9985 | D:10     | 9985 ||| Stepping ~*~*~tactically~*~*~ (outnumbered).
  9989 | D:10     | 9989 ||| Stepping ~*~*~tactically~*~*~ (outnumbered).
  9991 | D:10     | 9991 ||| Stepping ~*~*~tactically~*~*~ (outnumbered).
  9993 | D:10     | 9993 ||| Stepping ~*~*~tactically~*~*~ (outnumbered).
  9995 | D:10     | 9995 ||| Stepping ~*~*~tactically~*~*~ (outnumbered).
  9997 | D:10     | 9997 ||| Stepping ~*~*~tactically~*~*~ (outnumbered).
  9999 | D:10     | 9999 ||| Stepping ~*~*~tactically~*~*~ (outnumbered).
 10001 | D:10     | 10001 ||| Stepping ~*~*~tactically~*~*~ (outnumbered).
 10003 | D:10     | 10003 ||| Stepping ~*~*~tactically~*~*~ (outnumbered).
 10005 | D:10     | 10005 ||| Stepping ~*~*~tactically~*~*~ (outnumbered).
 10007 | D:10     | 10007 ||| Stepping ~*~*~tactically~*~*~ (outnumbered).
 10009 | D:10     | 10009 ||| Stepping ~*~*~tactically~*~*~ (outnumbered).
 10011 | D:10     | 10011 ||| Stepping ~*~*~tactically~*~*~ (outnumbered).
 10013 | D:10     | 10013 ||| Stepping ~*~*~tactically~*~*~ (outnumbered).
 10015 | D:10     | 10015 ||| Stepping ~*~*~tactically~*~*~ (outnumbered).
 10017 | D:10     | 10017 ||| Stepping ~*~*~tactically~*~*~ (outnumbered).
 10019 | D:10     | 10019 ||| Stepping ~*~*~tactically~*~*~ (outnumbered).
 10021 | D:10     | 10021 ||| Stepping ~*~*~tactically~*~*~ (outnumbered).
 10023 | D:10     | 10023 ||| Stepping ~*~*~tactically~*~*~ (outnumbered).
 10025 | D:10     | 10025 ||| Stepping ~*~*~tactically~*~*~ (outnumbered).
 10027 | D:10     | 10027 ||| Stepping ~*~*~tactically~*~*~ (outnumbered).
 10029 | D:10     | 10029 ||| Stepping ~*~*~tactically~*~*~ (outnumbered).
 10031 | D:10     | 10031 ||| Stepping ~*~*~tactically~*~*~ (outnumbered).
 10033 | D:10     | 10033 ||| Stepping ~*~*~tactically~*~*~ (outnumbered).
 10035 | D:10     | 10035 ||| Stepping ~*~*~tactically~*~*~ (outnumbered).
 10037 | D:10     | 10037 ||| Stepping ~*~*~tactically~*~*~ (outnumbered).
 10039 | D:10     | 10039 ||| Stepping ~*~*~tactically~*~*~ (outnumbered).
 10041 | D:10     | 10041 ||| Stepping ~*~*~tactically~*~*~ (outnumbered).
 10043 | D:10     | 10043 ||| Stepping ~*~*~tactically~*~*~ (outnumbered).
 10045 | D:10     | 10045 ||| Stepping ~*~*~tactically~*~*~ (outnumbered).
 10047 | D:10     | 10047 ||| Stepping ~*~*~tactically~*~*~ (outnumbered).
 10049 | D:10     | 10049 ||| Stepping ~*~*~tactically~*~*~ (outnumbered).
 10051 | D:10     | 10051 ||| Stepping ~*~*~tactically~*~*~ (outnumbered).
 10053 | D:10     | 10053 ||| Stepping ~*~*~tactically~*~*~ (outnumbered).
 10055 | D:10     | 10055 ||| Stepping ~*~*~tactically~*~*~ (outnumbered).
 10057 | D:10     | 10057 ||| Stepping ~*~*~tactically~*~*~ (outnumbered).
 10059 | D:10     | 10059 ||| Stepping ~*~*~tactically~*~*~ (outnumbered).
 10061 | D:10     | 10061 ||| Stepping ~*~*~tactically~*~*~ (outnumbered).
 10063 | D:10     | 10063 ||| Stepping ~*~*~tactically~*~*~ (outnumbered).
 10065 | D:10     | 10065 ||| Stepping ~*~*~tactically~*~*~ (outnumbered).
 10067 | D:10     | 10067 ||| Stepping ~*~*~tactically~*~*~ (outnumbered).
 10069 | D:10     | 10069 ||| Stepping ~*~*~tactically~*~*~ (outnumbered).
 10071 | D:10     | 10071 ||| Stepping ~*~*~tactically~*~*~ (outnumbered).
 10073 | D:10     | 10073 ||| Stepping ~*~*~tactically~*~*~ (outnumbered).
 10075 | D:10     | 10075 ||| Stepping ~*~*~tactically~*~*~ (outnumbered).
 10078 | D:10     | 10078 ||| Stepping ~*~*~tactically~*~*~ (outnumbered).
 10080 | D:10     | 10080 ||| Stepping ~*~*~tactically~*~*~ (outnumbered).
 10082 | D:10     | 10082 ||| Stepping ~*~*~tactically~*~*~ (outnumbered).
 10092 | D:10     | 10092 ||| Stepping ~*~*~tactically~*~*~ (outnumbered).
 10094 | D:10     | 10094 ||| Stepping ~*~*~tactically~*~*~ (outnumbered).
 10096 | D:10     | 10096 ||| Stepping ~*~*~tactically~*~*~ (outnumbered).
 10098 | D:10     | 10098 ||| Stepping ~*~*~tactically~*~*~ (outnumbered).
 10100 | D:10     | 10100 ||| Stepping ~*~*~tactically~*~*~ (outnumbered).
 10102 | D:10     | 10102 ||| Stepping ~*~*~tactically~*~*~ (outnumbered).
 10104 | D:10     | 10104 ||| Stepping ~*~*~tactically~*~*~ (outnumbered).
 10106 | D:10     | 10106 ||| Stepping ~*~*~tactically~*~*~ (outnumbered).
 10108 | D:10     | 10108 ||| Stepping ~*~*~tactically~*~*~ (outnumbered).
 10110 | D:10     | 10110 ||| Stepping ~*~*~tactically~*~*~ (outnumbered).
 10112 | D:10     | 10112 ||| Stepping ~*~*~tactically~*~*~ (outnumbered).
 10114 | D:10     | 10114 ||| Stepping ~*~*~tactically~*~*~ (outnumbered).
 10116 | D:10     | 10116 ||| Stepping ~*~*~tactically~*~*~ (outnumbered).
 10118 | D:10     | 10118 ||| Stepping ~*~*~tactically~*~*~ (outnumbered).
 10120 | D:10     | 10120 ||| Stepping ~*~*~tactically~*~*~ (outnumbered).
 10122 | D:10     | 10122 ||| Stepping ~*~*~tactically~*~*~ (outnumbered).
 10133 | D:10     | 10133 ||| Stepping ~*~*~tactically~*~*~ (outnumbered).
 10135 | D:10     | 10135 ||| Stepping ~*~*~tactically~*~*~ (outnumbered).
 10137 | D:10     | 10137 ||| Stepping ~*~*~tactically~*~*~ (outnumbered).
 10139 | D:10     | 10139 ||| Stepping ~*~*~tactically~*~*~ (outnumbered).
 10141 | D:10     | 10141 ||| Stepping ~*~*~tactically~*~*~ (outnumbered).
 10143 | D:10     | 10143 ||| Stepping ~*~*~tactically~*~*~ (outnumbered).
 10145 | D:10     | 10145 ||| Stepping ~*~*~tactically~*~*~ (outnumbered).
 10147 | D:10     | 10147 ||| Stepping ~*~*~tactically~*~*~ (outnumbered).
 10149 | D:10     | 10149 ||| Stepping ~*~*~tactically~*~*~ (outnumbered).
 10151 | D:10     | 10151 ||| Stepping ~*~*~tactically~*~*~ (outnumbered).
 10153 | D:10     | 10153 ||| Stepping ~*~*~tactically~*~*~ (outnumbered).
 10155 | D:10     | 10155 ||| Stepping ~*~*~tactically~*~*~ (outnumbered).
 10157 | D:10     | 10157 ||| Stepping ~*~*~tactically~*~*~ (outnumbered).
 10159 | D:10     | 10159 ||| Stepping ~*~*~tactically~*~*~ (outnumbered).
 10161 | D:10     | 10161 ||| Stepping ~*~*~tactically~*~*~ (outnumbered).
 10163 | D:10     | 10163 ||| Stepping ~*~*~tactically~*~*~ (outnumbered).
 10165 | D:10     | 10165 ||| Stepping ~*~*~tactically~*~*~ (outnumbered).
 10167 | D:10     | 10167 ||| Stepping ~*~*~tactically~*~*~ (outnumbered).
 10169 | D:10     | 10169 ||| Stepping ~*~*~tactically~*~*~ (outnumbered).
 10171 | D:10     | 10171 ||| Stepping ~*~*~tactically~*~*~ (outnumbered).
 10173 | D:10     | 10173 ||| Stepping ~*~*~tactically~*~*~ (outnumbered).
 10175 | D:10     | 10175 ||| Stepping ~*~*~tactically~*~*~ (outnumbered).
 10177 | D:10     | 10177 ||| Stepping ~*~*~tactically~*~*~ (outnumbered).
 10179 | D:10     | 10179 ||| Stepping ~*~*~tactically~*~*~ (outnumbered).
 10181 | D:10     | 10181 ||| Stepping ~*~*~tactically~*~*~ (outnumbered).
 10183 | D:10     | 10183 ||| Stepping ~*~*~tactically~*~*~ (outnumbered).
 10185 | D:10     | 10185 ||| Stepping ~*~*~tactically~*~*~ (outnumbered).
 10187 | D:10     | 10187 ||| Stepping ~*~*~tactically~*~*~ (outnumbered).
 10189 | D:10     | 10189 ||| Stepping ~*~*~tactically~*~*~ (outnumbered).
 10192 | D:10     | 10192 ||| Stepping ~*~*~tactically~*~*~ (outnumbered).
 10194 | D:10     | 10194 ||| Stepping ~*~*~tactically~*~*~ (outnumbered).
 10196 | D:10     | 10196 ||| Stepping ~*~*~tactically~*~*~ (outnumbered).
 10198 | D:10     | 10198 ||| Stepping ~*~*~tactically~*~*~ (outnumbered).
 10200 | D:10     | 10200 ||| Stepping ~*~*~tactically~*~*~ (outnumbered).
 10202 | D:10     | 10202 ||| Stepping ~*~*~tactically~*~*~ (outnumbered).
 10204 | D:10     | 10204 ||| Stepping ~*~*~tactically~*~*~ (outnumbered).
 10206 | D:10     | 10206 ||| Stepping ~*~*~tactically~*~*~ (outnumbered).
 10208 | D:10     | 10208 ||| Stepping ~*~*~tactically~*~*~ (outnumbered).
 10210 | D:10     | 10210 ||| Stepping ~*~*~tactically~*~*~ (outnumbered).
 10212 | D:10     | 10212 ||| Stepping ~*~*~tactically~*~*~ (outnumbered).
 10214 | D:10     | 10214 ||| Stepping ~*~*~tactically~*~*~ (outnumbered).
 10216 | D:10     | 10216 ||| Stepping ~*~*~tactically~*~*~ (outnumbered).
 10218 | D:10     | 10218 ||| Stepping ~*~*~tactically~*~*~ (outnumbered).
 10222 | D:10     | 10222 ||| Stepping ~*~*~tactically~*~*~ (outnumbered).
 10224 | D:10     | 10224 ||| Stepping ~*~*~tactically~*~*~ (outnumbered).
 10226 | D:10     | 10226 ||| Stepping ~*~*~tactically~*~*~ (outnumbered).
 10228 | D:10     | 10228 ||| Stepping ~*~*~tactically~*~*~ (outnumbered).
 10230 | D:10     | 10230 ||| Stepping ~*~*~tactically~*~*~ (outnumbered).
 10232 | D:10     | 10232 ||| Stepping ~*~*~tactically~*~*~ (outnumbered).
 10234 | D:10     | 10234 ||| Stepping ~*~*~tactically~*~*~ (outnumbered).
 10236 | D:10     | 10236 ||| Stepping ~*~*~tactically~*~*~ (outnumbered).
 10238 | D:10     | 10238 ||| Stepping ~*~*~tactically~*~*~ (outnumbered).
 10240 | D:10     | 10240 ||| Stepping ~*~*~tactically~*~*~ (outnumbered).
 10242 | D:10     | 10242 ||| Stepping ~*~*~tactically~*~*~ (outnumbered).
 10244 | D:10     | 10244 ||| Stepping ~*~*~tactically~*~*~ (outnumbered).
 10246 | D:10     | 10246 ||| Stepping ~*~*~tactically~*~*~ (outnumbered).
 10248 | D:10     | 10248 ||| Stepping ~*~*~tactically~*~*~ (outnumbered).
 10250 | D:10     | 10250 ||| Stepping ~*~*~tactically~*~*~ (outnumbered).
 10252 | D:10     | 10252 ||| Stepping ~*~*~tactically~*~*~ (outnumbered).
 10254 | D:10     | 10254 ||| Stepping ~*~*~tactically~*~*~ (outnumbered).
 10256 | D:10     | 10256 ||| Stepping ~*~*~tactically~*~*~ (outnumbered).
 10258 | D:10     | 10258 ||| Stepping ~*~*~tactically~*~*~ (outnumbered).
 10260 | D:10     | 10260 ||| Stepping ~*~*~tactically~*~*~ (outnumbered).
 10262 | D:10     | 10262 ||| Stepping ~*~*~tactically~*~*~ (outnumbered).
 10264 | D:10     | 10264 ||| Stepping ~*~*~tactically~*~*~ (outnumbered).
 10266 | D:10     | 10266 ||| Stepping ~*~*~tactically~*~*~ (outnumbered).
 10268 | D:10     | 10268 ||| Stepping ~*~*~tactically~*~*~ (outnumbered).
 10270 | D:10     | 10270 ||| Stepping ~*~*~tactically~*~*~ (outnumbered).
 10272 | D:10     | 10272 ||| Stepping ~*~*~tactically~*~*~ (outnumbered).
 10274 | D:10     | 10274 ||| Stepping ~*~*~tactically~*~*~ (outnumbered).
 10276 | D:10     | 10276 ||| Stepping ~*~*~tactically~*~*~ (outnumbered).
 10278 | D:10     | 10278 ||| Stepping ~*~*~tactically~*~*~ (outnumbered).
 10280 | D:10     | 10280 ||| Stepping ~*~*~tactically~*~*~ (outnumbered).
 10282 | D:10     | 10282 ||| Stepping ~*~*~tactically~*~*~ (outnumbered).
 10284 | D:10     | 10284 ||| Stepping ~*~*~tactically~*~*~ (outnumbered).
 10286 | D:10     | 10286 ||| Stepping ~*~*~tactically~*~*~ (outnumbered).
 10288 | D:10     | 10288 ||| Stepping ~*~*~tactically~*~*~ (outnumbered).
 10290 | D:10     | 10290 ||| Stepping ~*~*~tactically~*~*~ (outnumbered).
 10292 | D:10     | 10292 ||| Stepping ~*~*~tactically~*~*~ (outnumbered).
 10294 | D:10     | 10294 ||| Stepping ~*~*~tactically~*~*~ (outnumbered).
 10296 | D:10     | 10296 ||| Stepping ~*~*~tactically~*~*~ (outnumbered).
 10298 | D:10     | 10298 ||| Stepping ~*~*~tactically~*~*~ (outnumbered).
 10300 | D:10     | 10300 ||| Stepping ~*~*~tactically~*~*~ (outnumbered).
 10302 | D:10     | 10302 ||| Stepping ~*~*~tactically~*~*~ (outnumbered).
 10304 | D:10     | 10304 ||| Stepping ~*~*~tactically~*~*~ (outnumbered).
 10306 | D:10     | 10306 ||| Stepping ~*~*~tactically~*~*~ (outnumbered).
 10308 | D:10     | 10308 ||| Stepping ~*~*~tactically~*~*~ (outnumbered).
 10310 | D:10     | 10310 ||| Stepping ~*~*~tactically~*~*~ (outnumbered).
 10312 | D:10     | 10312 ||| Stepping ~*~*~tactically~*~*~ (outnumbered).
 10314 | D:10     | 10314 ||| Stepping ~*~*~tactically~*~*~ (outnumbered).
 10316 | D:10     | 10316 ||| Stepping ~*~*~tactically~*~*~ (outnumbered).
 10318 | D:10     | 10318 ||| Stepping ~*~*~tactically~*~*~ (outnumbered).
 10320 | D:10     | 10320 ||| Stepping ~*~*~tactically~*~*~ (outnumbered).
 10322 | D:10     | 10322 ||| Stepping ~*~*~tactically~*~*~ (outnumbered).
 10324 | D:10     | 10324 ||| Stepping ~*~*~tactically~*~*~ (outnumbered).
 10326 | D:10     | 10326 ||| Stepping ~*~*~tactically~*~*~ (outnumbered).
 10328 | D:10     | 10328 ||| Stepping ~*~*~tactically~*~*~ (outnumbered).
 10330 | D:10     | 10330 ||| Stepping ~*~*~tactically~*~*~ (outnumbered).
 10332 | D:10     | 10332 ||| Stepping ~*~*~tactically~*~*~ (outnumbered).
 10334 | D:10     | 10334 ||| Stepping ~*~*~tactically~*~*~ (outnumbered).
 10336 | D:10     | 10336 ||| Stepping ~*~*~tactically~*~*~ (outnumbered).
 10338 | D:10     | 10338 ||| Stepping ~*~*~tactically~*~*~ (outnumbered).
 10340 | D:10     | 10340 ||| Stepping ~*~*~tactically~*~*~ (outnumbered).
 10342 | D:10     | 10342 ||| Stepping ~*~*~tactically~*~*~ (outnumbered).
 10344 | D:10     | 10344 ||| Stepping ~*~*~tactically~*~*~ (outnumbered).
 10356 | D:10     | 10356 ||| Stepping ~*~*~tactically~*~*~ (outnumbered).
 10358 | D:10     | 10358 ||| Stepping ~*~*~tactically~*~*~ (outnumbered).
 10360 | D:10     | 10360 ||| Stepping ~*~*~tactically~*~*~ (outnumbered).
 10362 | D:10     | 10362 ||| Stepping ~*~*~tactically~*~*~ (outnumbered).
 10364 | D:10     | 10364 ||| Stepping ~*~*~tactically~*~*~ (outnumbered).
 10366 | D:10     | 10366 ||| Stepping ~*~*~tactically~*~*~ (outnumbered).
 10368 | D:10     | 10368 ||| Stepping ~*~*~tactically~*~*~ (outnumbered).
 10370 | D:10     | 10370 ||| Stepping ~*~*~tactically~*~*~ (outnumbered).
 10372 | D:10     | 10372 ||| Stepping ~*~*~tactically~*~*~ (outnumbered).
 10374 | D:10     | 10374 ||| Stepping ~*~*~tactically~*~*~ (outnumbered).
 10386 | D:10     | 10386 ||| Stepping ~*~*~tactically~*~*~ (outnumbered).
 10388 | D:10     | 10388 ||| Stepping ~*~*~tactically~*~*~ (outnumbered).
 10390 | D:10     | 10390 ||| Stepping ~*~*~tactically~*~*~ (outnumbered).
 10392 | D:10     | 10392 ||| Stepping ~*~*~tactically~*~*~ (outnumbered).
 10394 | D:10     | 10394 ||| Stepping ~*~*~tactically~*~*~ (outnumbered).
 10396 | D:10     | 10396 ||| Stepping ~*~*~tactically~*~*~ (outnumbered).
 10398 | D:10     | 10398 ||| Stepping ~*~*~tactically~*~*~ (outnumbered).
 10400 | D:10     | 10400 ||| Stepping ~*~*~tactically~*~*~ (outnumbered).
 10402 | D:10     | 10402 ||| Stepping ~*~*~tactically~*~*~ (outnumbered).
 10404 | D:10     | 10404 ||| Stepping ~*~*~tactically~*~*~ (outnumbered).
 10406 | D:10     | 10406 ||| Stepping ~*~*~tactically~*~*~ (outnumbered).
 10408 | D:10     | 10408 ||| Stepping ~*~*~tactically~*~*~ (outnumbered).
 10413 | D:10     | 10413 ||| Stepping ~*~*~tactically~*~*~ (outnumbered).
 10415 | D:10     | 10415 ||| Stepping ~*~*~tactically~*~*~ (outnumbered).
 10417 | D:10     | 10417 ||| Stepping ~*~*~tactically~*~*~ (outnumbered).
 10419 | D:10     | 10419 ||| Stepping ~*~*~tactically~*~*~ (outnumbered).
 10421 | D:10     | 10421 ||| Stepping ~*~*~tactically~*~*~ (outnumbered).
 10423 | D:10     | 10423 ||| Stepping ~*~*~tactically~*~*~ (outnumbered).
 10425 | D:10     | 10425 ||| Stepping ~*~*~tactically~*~*~ (outnumbered).
 10427 | D:10     | 10427 ||| Stepping ~*~*~tactically~*~*~ (outnumbered).
 10429 | D:10     | 10429 ||| Stepping ~*~*~tactically~*~*~ (outnumbered).
 10431 | D:10     | 10431 ||| Stepping ~*~*~tactically~*~*~ (outnumbered).
 10433 | D:10     | 10433 ||| Stepping ~*~*~tactically~*~*~ (outnumbered).
 10435 | D:10     | 10435 ||| Stepping ~*~*~tactically~*~*~ (outnumbered).
 10437 | D:10     | 10437 ||| Stepping ~*~*~tactically~*~*~ (outnumbered).
 10439 | D:10     | 10439 ||| Stepping ~*~*~tactically~*~*~ (outnumbered).
 10441 | D:10     | 10441 ||| Stepping ~*~*~tactically~*~*~ (outnumbered).
 10443 | D:10     | 10443 ||| Stepping ~*~*~tactically~*~*~ (outnumbered).
 10445 | D:10     | 10445 ||| Stepping ~*~*~tactically~*~*~ (outnumbered).
 10447 | D:10     | 10447 ||| Stepping ~*~*~tactically~*~*~ (outnumbered).
 10449 | D:10     | 10449 ||| Stepping ~*~*~tactically~*~*~ (outnumbered).
 10451 | D:10     | 10451 ||| Stepping ~*~*~tactically~*~*~ (outnumbered).
 10453 | D:10     | 10453 ||| Stepping ~*~*~tactically~*~*~ (outnumbered).
 10464 | D:10     | 10464 ||| Stepping ~*~*~tactically~*~*~ (outnumbered).
 10466 | D:10     | 10466 ||| Stepping ~*~*~tactically~*~*~ (outnumbered).
 10468 | D:10     | 10468 ||| Stepping ~*~*~tactically~*~*~ (outnumbered).
 10470 | D:10     | 10470 ||| Stepping ~*~*~tactically~*~*~ (outnumbered).
 10472 | D:10     | 10472 ||| Stepping ~*~*~tactically~*~*~ (outnumbered).
 10474 | D:10     | 10474 ||| Stepping ~*~*~tactically~*~*~ (outnumbered).
 10476 | D:10     | 10476 ||| Stepping ~*~*~tactically~*~*~ (outnumbered).
 10478 | D:10     | 10478 ||| Stepping ~*~*~tactically~*~*~ (outnumbered).
 10480 | D:10     | 10480 ||| Stepping ~*~*~tactically~*~*~ (outnumbered).
 10482 | D:10     | 10482 ||| Stepping ~*~*~tactically~*~*~ (outnumbered).
 10484 | D:10     | 10484 ||| Stepping ~*~*~tactically~*~*~ (outnumbered).
 10486 | D:10     | 10486 ||| Stepping ~*~*~tactically~*~*~ (outnumbered).
 10488 | D:10     | 10488 ||| Stepping ~*~*~tactically~*~*~ (outnumbered).
 10490 | D:10     | 10490 ||| Stepping ~*~*~tactically~*~*~ (outnumbered).
 10492 | D:10     | 10492 ||| Stepping ~*~*~tactically~*~*~ (outnumbered).
 10494 | D:10     | 10494 ||| Stepping ~*~*~tactically~*~*~ (outnumbered).
 10496 | D:10     | 10496 ||| Stepping ~*~*~tactically~*~*~ (outnumbered).
 10498 | D:10     | 10498 ||| Stepping ~*~*~tactically~*~*~ (outnumbered).
 10500 | D:10     | 10500 ||| Stepping ~*~*~tactically~*~*~ (outnumbered).
 10502 | D:10     | 10502 ||| Stepping ~*~*~tactically~*~*~ (outnumbered).
 10504 | D:10     | 10504 ||| Stepping ~*~*~tactically~*~*~ (outnumbered).
 10506 | D:10     | 10506 ||| Stepping ~*~*~tactically~*~*~ (outnumbered).
 10508 | D:10     | 10508 ||| Stepping ~*~*~tactically~*~*~ (outnumbered).
 10510 | D:10     | 10510 ||| Stepping ~*~*~tactically~*~*~ (outnumbered).
 10512 | D:10     | 10512 ||| Stepping ~*~*~tactically~*~*~ (outnumbered).
 10514 | D:10     | 10514 ||| Stepping ~*~*~tactically~*~*~ (outnumbered).
 10516 | D:10     | 10516 ||| Stepping ~*~*~tactically~*~*~ (outnumbered).
 10518 | D:10     | 10518 ||| Stepping ~*~*~tactically~*~*~ (outnumbered).
 10520 | D:10     | 10520 ||| Stepping ~*~*~tactically~*~*~ (outnumbered).
 10522 | D:10     | 10522 ||| Stepping ~*~*~tactically~*~*~ (outnumbered).
 10524 | D:10     | 10524 ||| Stepping ~*~*~tactically~*~*~ (outnumbered).
 10526 | D:10     | 10526 ||| Stepping ~*~*~tactically~*~*~ (outnumbered).
 10528 | D:10     | 10528 ||| Stepping ~*~*~tactically~*~*~ (outnumbered).
 10530 | D:10     | 10530 ||| Stepping ~*~*~tactically~*~*~ (outnumbered).
 10532 | D:10     | 10532 ||| Stepping ~*~*~tactically~*~*~ (outnumbered).
 10534 | D:10     | 10534 ||| Stepping ~*~*~tactically~*~*~ (outnumbered).
 10536 | D:10     | 10536 ||| Stepping ~*~*~tactically~*~*~ (outnumbered).
 10538 | D:10     | 10538 ||| Stepping ~*~*~tactically~*~*~ (outnumbered).
 10540 | D:10     | 10540 ||| Stepping ~*~*~tactically~*~*~ (outnumbered).
 10542 | D:10     | 10542 ||| Stepping ~*~*~tactically~*~*~ (outnumbered).
 10544 | D:10     | 10544 ||| Stepping ~*~*~tactically~*~*~ (outnumbered).
 10546 | D:10     | 10546 ||| Stepping ~*~*~tactically~*~*~ (outnumbered).
 10548 | D:10     | 10548 ||| Stepping ~*~*~tactically~*~*~ (outnumbered).
 10550 | D:10     | 10550 ||| Stepping ~*~*~tactically~*~*~ (outnumbered).
 10552 | D:10     | 10552 ||| Stepping ~*~*~tactically~*~*~ (outnumbered).
 10554 | D:10     | 10554 ||| Stepping ~*~*~tactically~*~*~ (outnumbered).
 10556 | D:10     | 10556 ||| Stepping ~*~*~tactically~*~*~ (outnumbered).
 10558 | D:10     | 10558 ||| Stepping ~*~*~tactically~*~*~ (outnumbered).
 10560 | D:10     | 10560 ||| Stepping ~*~*~tactically~*~*~ (outnumbered).
 10562 | D:10     | 10562 ||| Stepping ~*~*~tactically~*~*~ (outnumbered).
 10564 | D:10     | 10564 ||| Stepping ~*~*~tactically~*~*~ (outnumbered).
 10566 | D:10     | 10566 ||| Stepping ~*~*~tactically~*~*~ (outnumbered).
 10568 | D:10     | 10568 ||| Stepping ~*~*~tactically~*~*~ (outnumbered).
 10570 | D:10     | 10570 ||| Stepping ~*~*~tactically~*~*~ (outnumbered).
 10572 | D:10     | 10572 ||| Stepping ~*~*~tactically~*~*~ (outnumbered).
 10574 | D:10     | 10574 ||| Stepping ~*~*~tactically~*~*~ (outnumbered).
 10576 | D:10     | 10576 ||| Stepping ~*~*~tactically~*~*~ (outnumbered).
 10578 | D:10     | 10578 ||| Stepping ~*~*~tactically~*~*~ (outnumbered).
 10580 | D:10     | 10580 ||| Stepping ~*~*~tactically~*~*~ (outnumbered).
 10582 | D:10     | 10582 ||| Stepping ~*~*~tactically~*~*~ (outnumbered).
 10584 | D:10     | 10584 ||| Stepping ~*~*~tactically~*~*~ (outnumbered).
 10586 | D:10     | 10586 ||| Stepping ~*~*~tactically~*~*~ (outnumbered).
 10588 | D:10     | 10588 ||| Stepping ~*~*~tactically~*~*~ (outnumbered).
 10590 | D:10     | 10590 ||| Stepping ~*~*~tactically~*~*~ (outnumbered).
 10592 | D:10     | 10592 ||| Stepping ~*~*~tactically~*~*~ (outnumbered).
 10594 | D:10     | 10594 ||| Stepping ~*~*~tactically~*~*~ (outnumbered).
 10596 | D:10     | 10596 ||| Stepping ~*~*~tactically~*~*~ (outnumbered).
 10598 | D:10     | 10598 ||| Stepping ~*~*~tactically~*~*~ (outnumbered).
 10600 | D:10     | 10600 ||| Stepping ~*~*~tactically~*~*~ (outnumbered).
 10602 | D:10     | 10602 ||| Stepping ~*~*~tactically~*~*~ (outnumbered).
 10604 | D:10     | 10604 ||| Stepping ~*~*~tactically~*~*~ (outnumbered).
 10606 | D:10     | 10606 ||| Stepping ~*~*~tactically~*~*~ (outnumbered).
 10608 | D:10     | 10608 ||| Stepping ~*~*~tactically~*~*~ (outnumbered).
 10610 | D:10     | 10610 ||| Stepping ~*~*~tactically~*~*~ (outnumbered).
 10612 | D:10     | 10612 ||| Stepping ~*~*~tactically~*~*~ (outnumbered).
 10614 | D:10     | 10614 ||| Stepping ~*~*~tactically~*~*~ (outnumbered).
 10616 | D:10     | 10616 ||| Stepping ~*~*~tactically~*~*~ (outnumbered).
 10618 | D:10     | 10618 ||| Stepping ~*~*~tactically~*~*~ (outnumbered).
 10620 | D:10     | 10620 ||| Stepping ~*~*~tactically~*~*~ (outnumbered).
 10634 | D:10     | 10634 ||| Stepping ~*~*~tactically~*~*~ (outnumbered).
 10636 | D:10     | 10636 ||| Stepping ~*~*~tactically~*~*~ (outnumbered).
 10638 | D:10     | 10638 ||| Stepping ~*~*~tactically~*~*~ (outnumbered).
 10640 | D:10     | 10640 ||| Stepping ~*~*~tactically~*~*~ (outnumbered).
 10642 | D:10     | 10642 ||| Stepping ~*~*~tactically~*~*~ (outnumbered).
 10644 | D:10     | 10644 ||| Stepping ~*~*~tactically~*~*~ (outnumbered).
 10646 | D:10     | 10646 ||| Stepping ~*~*~tactically~*~*~ (outnumbered).
 10648 | D:10     | 10648 ||| Stepping ~*~*~tactically~*~*~ (outnumbered).
 10650 | D:10     | 10650 ||| Stepping ~*~*~tactically~*~*~ (outnumbered).
 10652 | D:10     | 10652 ||| Stepping ~*~*~tactically~*~*~ (outnumbered).
 10654 | D:10     | 10654 ||| Stepping ~*~*~tactically~*~*~ (outnumbered).
 10656 | D:10     | 10656 ||| Stepping ~*~*~tactically~*~*~ (outnumbered).
 10658 | D:10     | 10658 ||| Stepping ~*~*~tactically~*~*~ (outnumbered).
 10660 | D:10     | 10660 ||| Stepping ~*~*~tactically~*~*~ (outnumbered).
 10662 | D:10     | 10662 ||| Stepping ~*~*~tactically~*~*~ (outnumbered).
 10664 | D:10     | 10664 ||| Stepping ~*~*~tactically~*~*~ (outnumbered).
 10666 | D:10     | 10666 ||| Stepping ~*~*~tactically~*~*~ (outnumbered).
 10668 | D:10     | 10668 ||| Stepping ~*~*~tactically~*~*~ (outnumbered).
 10670 | D:10     | 10670 ||| Stepping ~*~*~tactically~*~*~ (outnumbered).
 10672 | D:10     | 10672 ||| Stepping ~*~*~tactically~*~*~ (outnumbered).
 10674 | D:10     | 10674 ||| Stepping ~*~*~tactically~*~*~ (outnumbered).
 10676 | D:10     | 10676 ||| Stepping ~*~*~tactically~*~*~ (outnumbered).
 10678 | D:10     | 10678 ||| Stepping ~*~*~tactically~*~*~ (outnumbered).
 10680 | D:10     | 10680 ||| Stepping ~*~*~tactically~*~*~ (outnumbered).
 10682 | D:10     | 10682 ||| Stepping ~*~*~tactically~*~*~ (outnumbered).
 10684 | D:10     | 10684 ||| Stepping ~*~*~tactically~*~*~ (outnumbered).
 10686 | D:10     | 10686 ||| Stepping ~*~*~tactically~*~*~ (outnumbered).
 10688 | D:10     | 10688 ||| Stepping ~*~*~tactically~*~*~ (outnumbered).
 10690 | D:10     | 10690 ||| Stepping ~*~*~tactically~*~*~ (outnumbered).
 10692 | D:10     | 10692 ||| Stepping ~*~*~tactically~*~*~ (outnumbered).
 10694 | D:10     | 10694 ||| Stepping ~*~*~tactically~*~*~ (outnumbered).
 10696 | D:10     | 10696 ||| Stepping ~*~*~tactically~*~*~ (outnumbered).
 10698 | D:10     | 10698 ||| Stepping ~*~*~tactically~*~*~ (outnumbered).
 10700 | D:10     | 10700 ||| Stepping ~*~*~tactically~*~*~ (outnumbered).
 10702 | D:10     | 10702 ||| Stepping ~*~*~tactically~*~*~ (outnumbered).
 10714 | D:10     | 10714 ||| Stepping ~*~*~tactically~*~*~ (outnumbered).
 10716 | D:10     | 10716 ||| Stepping ~*~*~tactically~*~*~ (outnumbered).
 10723 | D:10     | 10723 ||| Stepping ~*~*~tactically~*~*~ (outnumbered).
 10725 | D:10     | 10725 ||| Stepping ~*~*~tactically~*~*~ (outnumbered).
 10727 | D:10     | 10727 ||| Stepping ~*~*~tactically~*~*~ (outnumbered).
 10729 | D:10     | 10729 ||| Stepping ~*~*~tactically~*~*~ (outnumbered).
 10731 | D:10     | 10731 ||| Stepping ~*~*~tactically~*~*~ (outnumbered).
 10733 | D:10     | 10733 ||| Stepping ~*~*~tactically~*~*~ (outnumbered).
 10735 | D:10     | 10735 ||| Stepping ~*~*~tactically~*~*~ (outnumbered).
 10737 | D:10     | 10737 ||| Stepping ~*~*~tactically~*~*~ (outnumbered).
 10739 | D:10     | 10739 ||| Stepping ~*~*~tactically~*~*~ (outnumbered).
 10741 | D:10     | 10741 ||| Stepping ~*~*~tactically~*~*~ (outnumbered).
 10743 | D:10     | 10743 ||| Stepping ~*~*~tactically~*~*~ (outnumbered).
 10745 | D:10     | 10745 ||| Stepping ~*~*~tactically~*~*~ (outnumbered).
 10747 | D:10     | 10747 ||| Stepping ~*~*~tactically~*~*~ (outnumbered).
 10749 | D:10     | 10749 ||| Stepping ~*~*~tactically~*~*~ (outnumbered).
 10751 | D:10     | 10751 ||| Stepping ~*~*~tactically~*~*~ (outnumbered).
 10753 | D:10     | 10753 ||| Stepping ~*~*~tactically~*~*~ (outnumbered).
 10755 | D:10     | 10755 ||| Stepping ~*~*~tactically~*~*~ (outnumbered).
 10757 | D:10     | 10757 ||| Stepping ~*~*~tactically~*~*~ (outnumbered).
 10759 | D:10     | 10759 ||| Stepping ~*~*~tactically~*~*~ (outnumbered).
 10761 | D:10     | 10761 ||| Stepping ~*~*~tactically~*~*~ (outnumbered).
 10763 | D:10     | 10763 ||| Stepping ~*~*~tactically~*~*~ (outnumbered).
 10765 | D:10     | 10765 ||| Stepping ~*~*~tactically~*~*~ (outnumbered).
 10767 | D:10     | 10767 ||| Stepping ~*~*~tactically~*~*~ (outnumbered).
 10769 | D:10     | 10769 ||| Stepping ~*~*~tactically~*~*~ (outnumbered).
 10771 | D:10     | 10771 ||| Stepping ~*~*~tactically~*~*~ (outnumbered).
 10773 | D:10     | 10773 ||| Stepping ~*~*~tactically~*~*~ (outnumbered).
 10775 | D:10     | 10775 ||| Stepping ~*~*~tactically~*~*~ (outnumbered).
 10777 | D:10     | 10777 ||| Stepping ~*~*~tactically~*~*~ (outnumbered).
 10779 | D:10     | 10779 ||| Stepping ~*~*~tactically~*~*~ (outnumbered).
 10781 | D:10     | 10781 ||| Stepping ~*~*~tactically~*~*~ (outnumbered).
 10783 | D:10     | 10783 ||| Stepping ~*~*~tactically~*~*~ (outnumbered).
 10785 | D:10     | 10785 ||| Stepping ~*~*~tactically~*~*~ (outnumbered).
 10787 | D:10     | 10787 ||| Stepping ~*~*~tactically~*~*~ (outnumbered).
 10789 | D:10     | 10789 ||| Stepping ~*~*~tactically~*~*~ (outnumbered).
 10791 | D:10     | 10791 ||| Stepping ~*~*~tactically~*~*~ (outnumbered).
 10793 | D:10     | 10793 ||| Stepping ~*~*~tactically~*~*~ (outnumbered).
 10795 | D:10     | 10795 ||| Stepping ~*~*~tactically~*~*~ (outnumbered).
 10797 | D:10     | 10797 ||| Stepping ~*~*~tactically~*~*~ (outnumbered).
 10799 | D:10     | 10799 ||| Stepping ~*~*~tactically~*~*~ (outnumbered).
 10801 | D:10     | 10801 ||| Stepping ~*~*~tactically~*~*~ (outnumbered).
 10803 | D:10     | 10803 ||| Stepping ~*~*~tactically~*~*~ (outnumbered).
 10805 | D:10     | 10805 ||| Stepping ~*~*~tactically~*~*~ (outnumbered).
 10807 | D:10     | 10807 ||| Stepping ~*~*~tactically~*~*~ (outnumbered).
 10809 | D:10     | 10809 ||| Stepping ~*~*~tactically~*~*~ (outnumbered).
 10811 | D:10     | 10811 ||| Stepping ~*~*~tactically~*~*~ (outnumbered).
 10813 | D:10     | 10813 ||| Stepping ~*~*~tactically~*~*~ (outnumbered).
 10815 | D:10     | 10815 ||| Stepping ~*~*~tactically~*~*~ (outnumbered).
 10817 | D:10     | 10817 ||| Stepping ~*~*~tactically~*~*~ (outnumbered).
 10819 | D:10     | 10819 ||| Stepping ~*~*~tactically~*~*~ (outnumbered).
 10821 | D:10     | 10821 ||| Stepping ~*~*~tactically~*~*~ (outnumbered).
 10823 | D:10     | 10823 ||| Stepping ~*~*~tactically~*~*~ (outnumbered).
 10825 | D:10     | 10825 ||| Stepping ~*~*~tactically~*~*~ (outnumbered).
 10827 | D:10     | 10827 ||| Stepping ~*~*~tactically~*~*~ (outnumbered).
 10829 | D:10     | 10829 ||| Stepping ~*~*~tactically~*~*~ (outnumbered).
 10831 | D:10     | 10831 ||| Stepping ~*~*~tactically~*~*~ (outnumbered).
 10833 | D:10     | 10833 ||| Stepping ~*~*~tactically~*~*~ (outnumbered).
 10835 | D:10     | 10835 ||| Stepping ~*~*~tactically~*~*~ (outnumbered).
 10837 | D:10     | 10837 ||| Stepping ~*~*~tactically~*~*~ (outnumbered).
 10839 | D:10     | 10839 ||| Stepping ~*~*~tactically~*~*~ (outnumbered).
 10841 | D:10     | 10841 ||| Stepping ~*~*~tactically~*~*~ (outnumbered).
 10843 | D:10     | 10843 ||| Stepping ~*~*~tactically~*~*~ (outnumbered).
 10845 | D:10     | 10845 ||| Stepping ~*~*~tactically~*~*~ (outnumbered).
 10848 | D:10     | 10848 ||| Stepping ~*~*~tactically~*~*~ (outnumbered).
 10850 | D:10     | 10850 ||| Stepping ~*~*~tactically~*~*~ (outnumbered).
 10852 | D:10     | 10852 ||| Stepping ~*~*~tactically~*~*~ (outnumbered).
 10854 | D:10     | 10854 ||| Stepping ~*~*~tactically~*~*~ (outnumbered).
 10856 | D:10     | 10856 ||| Stepping ~*~*~tactically~*~*~ (outnumbered).
 10858 | D:10     | 10858 ||| Stepping ~*~*~tactically~*~*~ (outnumbered).
 10860 | D:10     | 10860 ||| Stepping ~*~*~tactically~*~*~ (outnumbered).
 10862 | D:10     | 10862 ||| Stepping ~*~*~tactically~*~*~ (outnumbered).
 10864 | D:10     | 10864 ||| Stepping ~*~*~tactically~*~*~ (outnumbered).
 10866 | D:10     | 10866 ||| Stepping ~*~*~tactically~*~*~ (outnumbered).
 10868 | D:10     | 10868 ||| Stepping ~*~*~tactically~*~*~ (outnumbered).
 10870 | D:10     | 10870 ||| Stepping ~*~*~tactically~*~*~ (outnumbered).
 10872 | D:10     | 10872 ||| Stepping ~*~*~tactically~*~*~ (outnumbered).
 10874 | D:10     | 10874 ||| Stepping ~*~*~tactically~*~*~ (outnumbered).
 10876 | D:10     | 10876 ||| Stepping ~*~*~tactically~*~*~ (outnumbered).
 10878 | D:10     | 10878 ||| Stepping ~*~*~tactically~*~*~ (outnumbered).
 10880 | D:10     | 10880 ||| Stepping ~*~*~tactically~*~*~ (outnumbered).
 10882 | D:10     | 10882 ||| Stepping ~*~*~tactically~*~*~ (outnumbered).
 10884 | D:10     | 10884 ||| Stepping ~*~*~tactically~*~*~ (outnumbered).
 10886 | D:10     | 10886 ||| Stepping ~*~*~tactically~*~*~ (outnumbered).
 10888 | D:10     | 10888 ||| Stepping ~*~*~tactically~*~*~ (outnumbered).
 10890 | D:10     | 10890 ||| Stepping ~*~*~tactically~*~*~ (outnumbered).
 10892 | D:10     | 10892 ||| Stepping ~*~*~tactically~*~*~ (outnumbered).
 10894 | D:10     | 10894 ||| Stepping ~*~*~tactically~*~*~ (outnumbered).
 10896 | D:10     | 10896 ||| Stepping ~*~*~tactically~*~*~ (outnumbered).
 10898 | D:10     | 10898 ||| Stepping ~*~*~tactically~*~*~ (outnumbered).
 10900 | D:10     | 10900 ||| Stepping ~*~*~tactically~*~*~ (outnumbered).
 10902 | D:10     | 10902 ||| Stepping ~*~*~tactically~*~*~ (outnumbered).
 10904 | D:10     | 10904 ||| Stepping ~*~*~tactically~*~*~ (outnumbered).
 10906 | D:10     | 10906 ||| Stepping ~*~*~tactically~*~*~ (outnumbered).
 10908 | D:10     | 10908 ||| Stepping ~*~*~tactically~*~*~ (outnumbered).
 10910 | D:10     | 10910 ||| Stepping ~*~*~tactically~*~*~ (outnumbered).
 10912 | D:10     | 10912 ||| Stepping ~*~*~tactically~*~*~ (outnumbered).
 10914 | D:10     | 10914 ||| Stepping ~*~*~tactically~*~*~ (outnumbered).
 10916 | D:10     | 10916 ||| Stepping ~*~*~tactically~*~*~ (outnumbered).
 10918 | D:10     | 10918 ||| Stepping ~*~*~tactically~*~*~ (outnumbered).
 10920 | D:10     | 10920 ||| Stepping ~*~*~tactically~*~*~ (outnumbered).
 10922 | D:10     | 10922 ||| Stepping ~*~*~tactically~*~*~ (outnumbered).
 10924 | D:10     | 10924 ||| Stepping ~*~*~tactically~*~*~ (outnumbered).
 10928 | D:10     | 10928 ||| Stepping ~*~*~tactically~*~*~ (outnumbered).
 10930 | D:10     | 10930 ||| Stepping ~*~*~tactically~*~*~ (outnumbered).
 10932 | D:10     | 10932 ||| Stepping ~*~*~tactically~*~*~ (outnumbered).
 10934 | D:10     | 10934 ||| Stepping ~*~*~tactically~*~*~ (outnumbered).
 10936 | D:10     | 10936 ||| Stepping ~*~*~tactically~*~*~ (outnumbered).
 10938 | D:10     | 10938 ||| Stepping ~*~*~tactically~*~*~ (outnumbered).
 10940 | D:10     | 10940 ||| Stepping ~*~*~tactically~*~*~ (outnumbered).
 10942 | D:10     | 10942 ||| Stepping ~*~*~tactically~*~*~ (outnumbered).
 10944 | D:10     | 10944 ||| Stepping ~*~*~tactically~*~*~ (outnumbered).
 10946 | D:10     | 10946 ||| Stepping ~*~*~tactically~*~*~ (outnumbered).
 10948 | D:10     | 10948 ||| Stepping ~*~*~tactically~*~*~ (outnumbered).
 10950 | D:10     | 10950 ||| Stepping ~*~*~tactically~*~*~ (outnumbered).
 10952 | D:10     | 10952 ||| Stepping ~*~*~tactically~*~*~ (outnumbered).
 10954 | D:10     | 10954 ||| Stepping ~*~*~tactically~*~*~ (outnumbered).
 10964 | D:10     | 10964 ||| Stepping ~*~*~tactically~*~*~ (outnumbered).
 10966 | D:10     | 10966 ||| Stepping ~*~*~tactically~*~*~ (outnumbered).
 10968 | D:10     | 10968 ||| Stepping ~*~*~tactically~*~*~ (outnumbered).
 10970 | D:10     | 10970 ||| Stepping ~*~*~tactically~*~*~ (outnumbered).
 10972 | D:10     | 10972 ||| Stepping ~*~*~tactically~*~*~ (outnumbered).
 10974 | D:10     | 10974 ||| Stepping ~*~*~tactically~*~*~ (outnumbered).
 10976 | D:10     | 10976 ||| Stepping ~*~*~tactically~*~*~ (outnumbered).
 10978 | D:10     | 10978 ||| Stepping ~*~*~tactically~*~*~ (outnumbered).
 10980 | D:10     | 10980 ||| Stepping ~*~*~tactically~*~*~ (outnumbered).
 10982 | D:10     | 10982 ||| Stepping ~*~*~tactically~*~*~ (outnumbered).
 10984 | D:10     | 10984 ||| Stepping ~*~*~tactically~*~*~ (outnumbered).
 10986 | D:10     | 10986 ||| Stepping ~*~*~tactically~*~*~ (outnumbered).
 10988 | D:10     | 10988 ||| Stepping ~*~*~tactically~*~*~ (outnumbered).
 10990 | D:10     | 10990 ||| Stepping ~*~*~tactically~*~*~ (outnumbered).
 10992 | D:10     | 10992 ||| Stepping ~*~*~tactically~*~*~ (outnumbered).
 10994 | D:10     | 10994 ||| Stepping ~*~*~tactically~*~*~ (outnumbered).
 10996 | D:10     | 10996 ||| Stepping ~*~*~tactically~*~*~ (outnumbered).
 10998 | D:10     | 10998 ||| Stepping ~*~*~tactically~*~*~ (outnumbered).
 11000 | D:10     | 11000 ||| Stepping ~*~*~tactically~*~*~ (outnumbered).
 11002 | D:10     | 11002 ||| Stepping ~*~*~tactically~*~*~ (outnumbered).
 11004 | D:10     | 11004 ||| Stepping ~*~*~tactically~*~*~ (outnumbered).
 11006 | D:10     | 11006 ||| Stepping ~*~*~tactically~*~*~ (outnumbered).
 11008 | D:10     | 11008 ||| Stepping ~*~*~tactically~*~*~ (outnumbered).
 11010 | D:10     | 11010 ||| Stepping ~*~*~tactically~*~*~ (outnumbered).
 11012 | D:10     | 11012 ||| Stepping ~*~*~tactically~*~*~ (outnumbered).
 11014 | D:10     | 11014 ||| Stepping ~*~*~tactically~*~*~ (outnumbered).
 11016 | D:10     | 11016 ||| Stepping ~*~*~tactically~*~*~ (outnumbered).
 11018 | D:10     | 11018 ||| Stepping ~*~*~tactically~*~*~ (outnumbered).
 11020 | D:10     | 11020 ||| Stepping ~*~*~tactically~*~*~ (outnumbered).
 11022 | D:10     | 11022 ||| Stepping ~*~*~tactically~*~*~ (outnumbered).
 11024 | D:10     | 11024 ||| Stepping ~*~*~tactically~*~*~ (outnumbered).
 11026 | D:10     | 11026 ||| Stepping ~*~*~tactically~*~*~ (outnumbered).
 11028 | D:10     | 11028 ||| Stepping ~*~*~tactically~*~*~ (outnumbered).
 11030 | D:10     | 11030 ||| Stepping ~*~*~tactically~*~*~ (outnumbered).
 11034 | D:10     | 11034 ||| Stepping ~*~*~tactically~*~*~ (outnumbered).
 11036 | D:10     | 11036 ||| Stepping ~*~*~tactically~*~*~ (outnumbered).
 11038 | D:10     | 11038 ||| Stepping ~*~*~tactically~*~*~ (outnumbered).
 11040 | D:10     | 11040 ||| Stepping ~*~*~tactically~*~*~ (outnumbered).
 11042 | D:10     | 11042 ||| Stepping ~*~*~tactically~*~*~ (outnumbered).
 11044 | D:10     | 11044 ||| Stepping ~*~*~tactically~*~*~ (outnumbered).
 11046 | D:10     | 11046 ||| Stepping ~*~*~tactically~*~*~ (outnumbered).
 11048 | D:10     | 11048 ||| Stepping ~*~*~tactically~*~*~ (outnumbered).
 11050 | D:10     | 11050 ||| Stepping ~*~*~tactically~*~*~ (outnumbered).
 11052 | D:10     | 11052 ||| Stepping ~*~*~tactically~*~*~ (outnumbered).
 11054 | D:10     | 11054 ||| Stepping ~*~*~tactically~*~*~ (outnumbered).
 11056 | D:10     | 11056 ||| Stepping ~*~*~tactically~*~*~ (outnumbered).
 11058 | D:10     | 11058 ||| Stepping ~*~*~tactically~*~*~ (outnumbered).
 11060 | D:10     | 11060 ||| Stepping ~*~*~tactically~*~*~ (outnumbered).
 11062 | D:10     | 11062 ||| Stepping ~*~*~tactically~*~*~ (outnumbered).
 11064 | D:10     | 11064 ||| Stepping ~*~*~tactically~*~*~ (outnumbered).
 11066 | D:10     | 11066 ||| Stepping ~*~*~tactically~*~*~ (outnumbered).
 11068 | D:10     | 11068 ||| Stepping ~*~*~tactically~*~*~ (outnumbered).
 11070 | D:10     | 11070 ||| Stepping ~*~*~tactically~*~*~ (outnumbered).
 11072 | D:10     | 11072 ||| Stepping ~*~*~tactically~*~*~ (outnumbered).
 11074 | D:10     | 11074 ||| Stepping ~*~*~tactically~*~*~ (outnumbered).
 11076 | D:10     | 11076 ||| Stepping ~*~*~tactically~*~*~ (outnumbered).
 11078 | D:10     | 11078 ||| Stepping ~*~*~tactically~*~*~ (outnumbered).
 11080 | D:10     | 11080 ||| Stepping ~*~*~tactically~*~*~ (outnumbered).
 11082 | D:10     | 11082 ||| Stepping ~*~*~tactically~*~*~ (outnumbered).
 11084 | D:10     | 11084 ||| Stepping ~*~*~tactically~*~*~ (outnumbered).
 11086 | D:10     | 11086 ||| Stepping ~*~*~tactically~*~*~ (outnumbered).
 11088 | D:10     | 11088 ||| Stepping ~*~*~tactically~*~*~ (outnumbered).
 11090 | D:10     | 11090 ||| Stepping ~*~*~tactically~*~*~ (outnumbered).
 11092 | D:10     | 11092 ||| Stepping ~*~*~tactically~*~*~ (outnumbered).
 11094 | D:10     | 11094 ||| Stepping ~*~*~tactically~*~*~ (outnumbered).
 11096 | D:10     | 11096 ||| Stepping ~*~*~tactically~*~*~ (outnumbered).
 11098 | D:10     | 11098 ||| Stepping ~*~*~tactically~*~*~ (outnumbered).
 11100 | D:10     | 11100 ||| Stepping ~*~*~tactically~*~*~ (outnumbered).
 11102 | D:10     | 11102 ||| Stepping ~*~*~tactically~*~*~ (outnumbered).
 11104 | D:10     | 11104 ||| Stepping ~*~*~tactically~*~*~ (outnumbered).
 11106 | D:10     | 11106 ||| Stepping ~*~*~tactically~*~*~ (outnumbered).
 11108 | D:10     | 11108 ||| Stepping ~*~*~tactically~*~*~ (outnumbered).
 11110 | D:10     | 11110 ||| Stepping ~*~*~tactically~*~*~ (outnumbered).
 11112 | D:10     | 11112 ||| Stepping ~*~*~tactically~*~*~ (outnumbered).
 11114 | D:10     | 11114 ||| Stepping ~*~*~tactically~*~*~ (outnumbered).
 11116 | D:10     | 11116 ||| Stepping ~*~*~tactically~*~*~ (outnumbered).
 11118 | D:10     | 11118 ||| Stepping ~*~*~tactically~*~*~ (outnumbered).
 11120 | D:10     | 11120 ||| Stepping ~*~*~tactically~*~*~ (outnumbered).
 11122 | D:10     | 11122 ||| Stepping ~*~*~tactically~*~*~ (outnumbered).
 11124 | D:10     | 11124 ||| Stepping ~*~*~tactically~*~*~ (outnumbered).
 11126 | D:10     | 11126 ||| Stepping ~*~*~tactically~*~*~ (outnumbered).
 11128 | D:10     | 11128 ||| Stepping ~*~*~tactically~*~*~ (outnumbered).
 11130 | D:10     | 11130 ||| Stepping ~*~*~tactically~*~*~ (outnumbered).
 11132 | D:10     | 11132 ||| Stepping ~*~*~tactically~*~*~ (outnumbered).
 11134 | D:10     | 11134 ||| Stepping ~*~*~tactically~*~*~ (outnumbered).
 11136 | D:10     | 11136 ||| Stepping ~*~*~tactically~*~*~ (outnumbered).
 11138 | D:10     | 11138 ||| Stepping ~*~*~tactically~*~*~ (outnumbered).
 11140 | D:10     | 11140 ||| Stepping ~*~*~tactically~*~*~ (outnumbered).
 11142 | D:10     | 11142 ||| Stepping ~*~*~tactically~*~*~ (outnumbered).
 11144 | D:10     | 11144 ||| Stepping ~*~*~tactically~*~*~ (outnumbered).
 11146 | D:10     | 11146 ||| Stepping ~*~*~tactically~*~*~ (outnumbered).
 11148 | D:10     | 11148 ||| Stepping ~*~*~tactically~*~*~ (outnumbered).
 11150 | D:10     | 11150 ||| Stepping ~*~*~tactically~*~*~ (outnumbered).
 11153 | D:10     | 11153 ||| Stepping ~*~*~tactically~*~*~ (outnumbered).
 11155 | D:10     | 11155 ||| Stepping ~*~*~tactically~*~*~ (outnumbered).
 11157 | D:10     | 11157 ||| Stepping ~*~*~tactically~*~*~ (outnumbered).
 11159 | D:10     | 11159 ||| Stepping ~*~*~tactically~*~*~ (outnumbered).
 11161 | D:10     | 11161 ||| Stepping ~*~*~tactically~*~*~ (outnumbered).
 11163 | D:10     | 11163 ||| Stepping ~*~*~tactically~*~*~ (outnumbered).
 11165 | D:10     | 11165 ||| Stepping ~*~*~tactically~*~*~ (outnumbered).
 11167 | D:10     | 11167 ||| Stepping ~*~*~tactically~*~*~ (outnumbered).
 11169 | D:10     | 11169 ||| Stepping ~*~*~tactically~*~*~ (outnumbered).
 11171 | D:10     | 11171 ||| Stepping ~*~*~tactically~*~*~ (outnumbered).
 11173 | D:10     | 11173 ||| Stepping ~*~*~tactically~*~*~ (outnumbered).
 11175 | D:10     | 11175 ||| Stepping ~*~*~tactically~*~*~ (outnumbered).
 11177 | D:10     | 11177 ||| Stepping ~*~*~tactically~*~*~ (outnumbered).
 11179 | D:10     | 11179 ||| Stepping ~*~*~tactically~*~*~ (outnumbered).
 11181 | D:10     | 11181 ||| Stepping ~*~*~tactically~*~*~ (outnumbered).
 11183 | D:10     | 11183 ||| Stepping ~*~*~tactically~*~*~ (outnumbered).
 11185 | D:10     | 11185 ||| Stepping ~*~*~tactically~*~*~ (outnumbered).
 11187 | D:10     | 11187 ||| Stepping ~*~*~tactically~*~*~ (outnumbered).
 11189 | D:10     | 11189 ||| Stepping ~*~*~tactically~*~*~ (outnumbered).
 11191 | D:10     | 11191 ||| Stepping ~*~*~tactically~*~*~ (outnumbered).
 11191 | D:10     | 11191 ||| PLANNING D:1-11
 11192 | D:10     | 11192 ||| Stepping ~*~*~tactically~*~*~ (outnumbered).
 11194 | D:10     | 11194 ||| Stepping ~*~*~tactically~*~*~ (outnumbered).
 11196 | D:10     | 11196 ||| Stepping ~*~*~tactically~*~*~ (outnumbered).
 11198 | D:10     | 11198 ||| Stepping ~*~*~tactically~*~*~ (outnumbered).
 11200 | D:10     | 11200 ||| Stepping ~*~*~tactically~*~*~ (outnumbered).
 11202 | D:10     | 11202 ||| Stepping ~*~*~tactically~*~*~ (outnumbered).
 11204 | D:10     | 11204 ||| Stepping ~*~*~tactically~*~*~ (outnumbered).
 11206 | D:10     | 11206 ||| Stepping ~*~*~tactically~*~*~ (outnumbered).
 11208 | D:10     | 11208 ||| Stepping ~*~*~tactically~*~*~ (outnumbered).
 11210 | D:10     | 11210 ||| Stepping ~*~*~tactically~*~*~ (outnumbered).
 11212 | D:10     | 11212 ||| Stepping ~*~*~tactically~*~*~ (outnumbered).
 11214 | D:10     | 11214 ||| Stepping ~*~*~tactically~*~*~ (outnumbered).
 11216 | D:10     | 11216 ||| Stepping ~*~*~tactically~*~*~ (outnumbered).
 11218 | D:10     | 11218 ||| Stepping ~*~*~tactically~*~*~ (outnumbered).
 11220 | D:10     | 11220 ||| Stepping ~*~*~tactically~*~*~ (outnumbered).
 11222 | D:10     | 11222 ||| Stepping ~*~*~tactically~*~*~ (outnumbered).
 11224 | D:10     | 11224 ||| Stepping ~*~*~tactically~*~*~ (outnumbered).
 11226 | D:10     | 11226 ||| Stepping ~*~*~tactically~*~*~ (outnumbered).
 11228 | D:10     | 11228 ||| Stepping ~*~*~tactically~*~*~ (outnumbered).
 11230 | D:10     | 11230 ||| Stepping ~*~*~tactically~*~*~ (outnumbered).
 11232 | D:10     | 11232 ||| Stepping ~*~*~tactically~*~*~ (outnumbered).
 11234 | D:10     | 11234 ||| Stepping ~*~*~tactically~*~*~ (outnumbered).
 11236 | D:10     | 11236 ||| Stepping ~*~*~tactically~*~*~ (outnumbered).
 11238 | D:10     | 11238 ||| Stepping ~*~*~tactically~*~*~ (outnumbered).
 11240 | D:10     | 11240 ||| Stepping ~*~*~tactically~*~*~ (outnumbered).
 11242 | D:10     | 11242 ||| Stepping ~*~*~tactically~*~*~ (outnumbered).
 11244 | D:10     | 11244 ||| Stepping ~*~*~tactically~*~*~ (outnumbered).
 11246 | D:10     | 11246 ||| Stepping ~*~*~tactically~*~*~ (outnumbered).
 11248 | D:10     | 11248 ||| Stepping ~*~*~tactically~*~*~ (outnumbered).
 11262 | D:10     | 11262 ||| Stepping ~*~*~tactically~*~*~ (outnumbered).
 11264 | D:10     | 11264 ||| Stepping ~*~*~tactically~*~*~ (outnumbered).
 11266 | D:10     | 11266 ||| Stepping ~*~*~tactically~*~*~ (outnumbered).
 11268 | D:10     | 11268 ||| Stepping ~*~*~tactically~*~*~ (outnumbered).
 11270 | D:10     | 11270 ||| Stepping ~*~*~tactically~*~*~ (outnumbered).
 11272 | D:10     | 11272 ||| Stepping ~*~*~tactically~*~*~ (outnumbered).
 11274 | D:10     | 11274 ||| Stepping ~*~*~tactically~*~*~ (outnumbered).
 11276 | D:10     | 11276 ||| Stepping ~*~*~tactically~*~*~ (outnumbered).
 11278 | D:10     | 11278 ||| Stepping ~*~*~tactically~*~*~ (outnumbered).
 11280 | D:10     | 11280 ||| Stepping ~*~*~tactically~*~*~ (outnumbered).
 11282 | D:10     | 11282 ||| Stepping ~*~*~tactically~*~*~ (outnumbered).
 11284 | D:10     | 11284 ||| Stepping ~*~*~tactically~*~*~ (outnumbered).
 11286 | D:10     | 11286 ||| Stepping ~*~*~tactically~*~*~ (outnumbered).
 11286 | D:10     | 11286 ||| PLANNING D:1-11
 11287 | D:10     | 11287 ||| Stepping ~*~*~tactically~*~*~ (outnumbered).
 11289 | D:10     | 11289 ||| Stepping ~*~*~tactically~*~*~ (outnumbered).
 11291 | D:10     | 11291 ||| Stepping ~*~*~tactically~*~*~ (outnumbered).
 11293 | D:10     | 11293 ||| PLANNING D:1-11
 11336 | D:10     | Found a glowing golden altar of the Shining One.
 11339 | D:10     | Found a hide-covered altar of Uskayaw.
 11607 | D:10     | Received a gift from Okawaru
 11619 | D:10     | Reached skill level 14 in Ranged Weapons
 11667 | D:10     | 11667 ||| PLANNING D:1-11
 11966 | D:11     | Reached skill level 9 in Dodging
 12087 | D:11     | 12087 ||| INVOKING Heroism.
 12089 | D:11     | Noticed a cyan ugly thing
 12106 | D:11     | Killed a cyan ugly thing
 12112 | D:11     | Noticed a two-headed ogre
 12112 | D:11     | Noticed a boulder beetle
 12113 | D:11     | 12113 ||| INVOKING Finesse.
 12121 | D:11     | Killed a two-headed ogre
 12122 | D:11     | 12122 ||| DRINKING 7 potions of curing.
 12122 | D:11     | 12122 ||| (to cure confusion)
 12132 | D:11     | Killed a boulder beetle
 12132 | D:11     | Received a gift from Okawaru
 12133 | D:11     | Reached skill level 9 in Invocations
 12190 | D:11     | 12190 ||| INVOKING Heroism.
 12205 | D:11     | 12205 ||| Stepping ~*~*~tactically~*~*~ (outnumbered).
 12275 | D:11     | Found a staircase to the Lair.
 12295 | D:11     | Reached XP level 12. HP: 95/106 MP: 18/18
 12297 | D:11     | 12297 ||| DRINKING 6 potions of curing.
 12297 | D:11     | 12297 ||| (to cure confusion)
 12378 | D:11     | Found a frozen archway.
 12387 | D:11     | Noticed Maurice
 12418 | D:11     | Killed Maurice
 12639 | D:11     | 12639 ||| READING scroll labelled BONOL YVUGY.
 12655 | D:10     | 12655 ||| PLANNING LAIR
 12665 | D:11     | 12665 ||| INVOKING Heroism.
 12706 | Lair:1   | Entered Level 1 of the Lair of Beasts
 12818 | Lair:1   | Noticed Grum
 12819 | Lair:1   | 12819 ||| INVOKING Heroism.
 12820 | Lair:1   | 12820 ||| INVOKING Finesse.
 12851 | Lair:1   | 12851 ||| READING scroll labelled FOTI UCHIUTZ.
 12852 | Lair:1   | 12852 ||| READING scroll labelled ZILASTI GUICRI.
 12856 | Lair:1   | Killed Grum
 12954 | Lair:1   | Identified the +2 robe of Hixzuohemp {rN++ Will+ Str+2
                  | Int-3}
 13040 | Lair:1   | Noticed Fannar
 13046 | Lair:1   | 13046 ||| INVOKING Heroism.
 13058 | Lair:1   | Killed Fannar
 13059 | Lair:1   | Reached skill level 15 in Ranged Weapons
 13632 | Lair:2   | Identified the +2 scale mail "Saeduuhe" {Harm rPois}
                  | (Okawaru gifted it to you on level 2 of the Lair of Beasts)
 13632 | Lair:2   | Received a gift from Okawaru
 13635 | Lair:2   | 13635 ||| STAIRDANCE
 13783 | Lair:2   | 13783 ||| INVOKING Heroism.
 13883 | Lair:2   | Identified the +10 long sword of the Grinning Traitor
                  | {flame, Contam Dex+4}
 13928 | Lair:2   | 13928 ||| INVOKING Heroism.
 14121 | Lair:2   | Reached skill level 16 in Ranged Weapons
 14127 | Lair:2   | 14127 ||| INVOKING Heroism.
 14236 | Lair:2   | 14236 ||| INVOKING Heroism.
 14255 | Lair:2   | Found a staircase to the Shoals.
 14313 | Lair:2   | 14313 ||| INVOKING Heroism.
 14345 | Lair:2   | 14345 ||| READING scroll of enchant armour.
 14345 | Lair:2   | 14345 ||| ENCHANTING +0 pair of gloves.
 14544 | Lair:2   | Noticed Sonja
 14545 | Lair:2   | 14545 ||| INVOKING Finesse.
 14549 | Lair:2   | Killed Sonja
 14742 | Lair:2   | 14742 ||| READING 3 scrolls labelled OPEXKIUNOUHU.
 14843 | Lair:2   | 14843 ||| READING 5 scrolls of identify.
 14843 | Lair:2   | 14843 ||| IDENTIFYING coppery potion
 14844 | Lair:2   | 14844 ||| DROPPING 2 scrolls of silence.
 14845 | Lair:2   | 14845 ||| DROPPING potion of brilliance.
 14886 | Lair:3   | Received a gift from Okawaru
 14932 | Lair:3   | Found a transporter.
 14934 | Lair:3   | Found a transporter.
 14934 | Lair:3   | Noticed a boulder beetle
 14934 | Lair:3   | Noticed a boulder beetle
 14963 | Lair:3   | Reached XP level 13. HP: 116/116 MP: 19/19
 14964 | Lair:3   | Found a hole to the Spider Nest.
 15142 | Lair:3   | 15142 ||| INVOKING Heroism.
 15218 | Lair:3   | 15218 ||| INVOKING Heroism.
 15262 | Lair:3   | 15262 ||| Stepping ~*~*~tactically~*~*~ (water).
 15267 | Lair:3   | 15267 ||| INVOKING Heroism.
 15329 | Lair:3   | Reached skill level 12 in Fighting
 15642 | Lair:4   | 15642 ||| PLANNING GAUNTLET
 15661 | Lair:4   | 15661 ||| INVOKING Heroism.
 15727 | Lair:4   | 15727 ||| INVOKING Heroism.
 15733 | Lair:4   | Received a gift from Okawaru
 15854 | Lair:4   | Found a gate leading to a gauntlet.
 15855 | Lair:4   | 15855 ||| DROPPING +1 robe of the Archmagi.
 15856 | Lair:4   | 15856 ||| READING scroll labelled BYSAXK MIOKLI.
 15856 | Lair:4   | Identified a scroll of acquirement
 15856 | Lair:4   | 15856 ||| ACQUIRING amulet of Ehaacw {Acrobat rN+ Dex+2}
 15856 | Lair:4   | Acquired the amulet of Ehaacw {Acrobat rN+ Dex+2}
 15864 | Gauntlet | Entered a Gauntlet
 15864 | Gauntlet | Found a transporter.
 15870 | Gauntlet | Found the +0 pair of fencer's gloves {Riposte Dex+3}
 15874 | Gauntlet | Found a transporter.
 15879 | Gauntlet | Found a runed translucent door.
 15879 | Gauntlet | Found a runed translucent door.
 15885 | Gauntlet | Found a transporter.
 15885 | Gauntlet | Found the ring of the Hare {EV+10}
 15888 | Gauntlet | Found a transporter.
 15891 | Gauntlet | Noticed a reaper
 15895 | Gauntlet | Found a runed translucent gate.
 15895 | Gauntlet | Found a runed translucent gate.
 15898 | Gauntlet | Found a runed translucent gate.
 15898 | Gauntlet | Found a transporter.
 15914 | Gauntlet | Found a transporter.
 15925 | Gauntlet | Found a transporter.
 15934 | Gauntlet | Noticed a reaper
 15936 | Gauntlet | Found a transporter.
 15948 | Gauntlet | Found a transporter.
 15948 | Gauntlet | Found a transporter.
 15950 | Gauntlet | Found a transporter.
 15980 | Gauntlet | Found a transporter.
 16034 | Gauntlet | Found a transporter.
 16047 | Gauntlet | Found a transporter.
 16139 | Gauntlet | 16139 ||| UPGRADING to +0 pair of fencer's gloves {Riposte
                  | Dex+3}.
 16149 | Gauntlet | 16149 ||| DROPPING +1 pair of gloves.
 16150 | Gauntlet | 16150 ||| READING 7 scrolls of identify.
 16150 | Gauntlet | 16150 ||| IDENTIFYING murky emerald potion
 16169 | Gauntlet | 16169 ||| INVOKING Heroism.
 16170 | Gauntlet | 16170 ||| INVOKING Finesse.
 16170 | Gauntlet | Paralysed by a floating eye for 2 turns
 16173 | Gauntlet | Reached skill level 12 in Dodging
 16230 | Gauntlet | 16230 ||| UPGRADING to ring of the Hare {EV+10}.
 16232 | Gauntlet | 16232 ||| UPGRADING to +6 ring of dexterity.
 16234 | Gauntlet | 16234 ||| DROPPING +5 ring of evasion.
 16249 | Gauntlet | 16249 ||| INVOKING Heroism.
 16250 | Gauntlet | Slain by a reaper

Levels and vault maps discovered:
D:1:      dpeg_arrival_round_a, layout_basic, serial_shops,
          nicolae_shop_gibbet_a_chance, nicolae_nh_oracle_at_delphi
D:2:      layout_basic, nicolae_eternal_life
D:3:      layout_basic, nicolae_dithmenos_shadow_blocks,
          chequers_ecumenical_altar_lobes, serial_bayou_lake_a, uniq_grinder,
          uniq_terence
D:4:      layout_layer_cave, enter_ossuary_1, minmay_ogre_servants
D:5:      layout_loops_cross, serial_shops, shop, kennysheep_flooded_box
D:6:      layout_loops_cross, minmay_temple_entry_overgrown, serial_shops, shop
D:7:      layout_basic, serial_shops, shop, minmay_circle_x
D:8:      layout_loops_corners, mainiacjoe_overflow_24_doors,
          general_overflow_altar
D:9:      layout_roguey [special_room_bee], dreamdust_gnoll_shepherd,
          uniq_prince_ribbit1, uniq_erica
D:10:     layout_roguey, nicolae_overflow_hidden_temple, enter_bailey_5
D:11:     minmay_s_stair_smasher, layout_cave_pods, due_lair_maze_entry_diamond,
          orc_0_dummy, portal_ice_cave_entry_pillars_1, serial_shops, shop,
          uniq_maurice
Temple:   nicolae_temple_bog_church
Lair:1:   layout_gridlike, uniq_grum, uniq_fannar
Lair:2:   layout_chaotic_city, elwin_shoals_entry_stream, uniq_sonja
Lair:3:   gammafunk_boulding_lane, layout_chaotic_city, dummy_spider_entry, pond
Lair:4:   layout_roguey, gauntlet_entry_generic, chequers_serial_rivers_marsh
Gauntlet: minmay_gauntlet_77_tree [minmay_gauntlet_arena_77_radiant_squares,
          minmay_gauntlet_arena_77_mess, minmay_gauntlet_arena_77_shame_cube,
          minmay_gauntlet_arena_77_braids,
          minmay_gauntlet_arena_77_double_cross,
          minmay_gauntlet_arena_77_chump_sandwich,
          minmay_gauntlet_arena_77_run_for_it, gauntlet_exit_watery]

Skill      XL: |  1  2  3  4  5  6  7  8  9 10 11 12 13 |
---------------+----------------------------------------+-----
Armour         | 1 4 5 |  5.1
Ranged Weapons | 5 7 9 10 12 13 14 16 | 16.0
Fighting       | 3 4 5 7 9 10 11 12 | 12.1
Dodging        | 5 6 8 9 11 12 | 12.0
Invocations    | 4 6 9 10 | 10.0
Stealth        | |  0.7

Action                     |  1- 3 |  4- 6 |  7- 9 | 10-12 | 13-15 || total
---------------------------+-------+-------+-------+-------+-------++-------
  Melee: Unarmed           |       |       |       |    25 |       ||    25
   Fire: Shortbow          |    97 |    56 |   208 |       |       ||   361
         Orcbow            |       |       |   162 |   710 |   140 ||  1012
 Invoke: Heroism           |       |       |     4 |    16 |     7 ||    27
         Finesse           |       |       |       |     3 |     1 ||     4
    Use: Scroll            |     3 |     1 |     8 |     9 |     2 ||    23
         Potion            |       |       |     5 |     3 |       ||     8
 Armour: Ring mail         |     9 |    11 |    51 |       |       ||    71
         Leather armour    |     1 |       |    19 |   112 |     8 ||   140
         Skin              |       |       |       |     2 |       ||     2
  Dodge: Dodged            |    19 |    15 |   162 |  1125 |    31 ||  1352
  Block: Other             |       |     2 |    45 |   187 |     4 ||   238

Table legend:
 A = Non-vault XP
 B = Vault XP
 C = Vault XP percentage of total XP
 D = Non-vault monster count
 E = Vault monster count
 F = Vault count percentage of total count
                 A         B        C        D         E       F
            +---------+---------+-------+---------+---------+-------
      Total |   30427 |   16135 |  34.7 |     249 |      98 |  28.2
            +---------+---------+-------+---------+---------+-------
        D:1 |       4 |       3 |  42.9 |       3 |       2 |  40.0
        D:2 |      26 |       0 |   0.0 |      14 |       0 |   0.0
        D:3 |      43 |     317 |  88.1 |      16 |       2 |  11.1
        D:4 |     384 |     133 |  25.7 |       8 |       9 |  52.9
        D:5 |     714 |       0 |   0.0 |      17 |       0 |   0.0
        D:6 |     949 |       0 |   0.0 |      13 |       0 |   0.0
        D:7 |     161 |     216 |  57.3 |      10 |       8 |  44.4
        D:8 |    2326 |       0 |   0.0 |      35 |       0 |   0.0
        D:9 |    3729 |    3804 |  50.5 |      36 |      32 |  47.1
       D:10 |    3549 |       8 |   0.2 |      26 |       4 |  13.3
       D:11 |    1307 |    6036 |  82.2 |      10 |      21 |  67.7
     Lair:1 |    1883 |    1540 |  45.0 |       7 |       6 |  46.2
     Lair:2 |    7035 |    1956 |  21.8 |      27 |       5 |  15.6
     Lair:3 |    5663 |    1196 |  17.4 |      20 |       3 |  13.0
     Lair:4 |    2654 |       0 |   0.0 |       7 |       0 |   0.0
   Gauntlet |       0 |     926 | 100.0 |       0 |       6 | 100.0
            +---------+---------+-------+---------+---------+-------
